 Dungeon Crawl Stone Soup version 0.31-a0-654-gbe3e110b4e (webtiles) character file.

Game seed: 14003972107126450294

544552 MackTheKnife the Archmage (level 24, -5/145 HPs)
             Began as a Deep Elf Wanderer on Aug 27, 2023.
             Was a Priest of Kikubaaqudgha.
             Killed from afar by an orb of fire (20 damage)
             ... with a bolt of fire
             ... on level 5 of the Realm of Zot on Aug 29, 2023.
             The game lasted 03:42:11 (71865 turns).

MackTheKnife the Archmage (Deep Elf Wanderer)      Turns: 71865, Time: 03:42:12

Health: -5/145     AC: 22    Str:  6    XL:     24   Next: 85%
Magic:  30/56      EV: 30    Int: 29    God:    Kikubaaqudgha [***...]
Gold:   1228       SH:  9    Dex: 19    Spells: 0/77 levels left

rFire   + . .        x - +5 short sword of Zythroyka {venom, Fragile rElec rPois rN++, short}
rCold   + . .        Z - +3 warlock's mirror {omnireflect}
rNeg    + + .        X - +5 robe of Night {Dark Will+ SInv}
rPois   +            L - +2 helmet {Int+3}
rElec   +            G - +4 dragonskin cloak
rCorr   .            T - +2 pair of gloves
SInv    +            d - +2 pair of boots
Will    +++++        y - amulet of magic regeneration {@e2}
Stlth   +++          Q - ring of Safiwaos {rElec rC+ Will+ Slay-2}
HPRegen 0.44/turn    w - ring "Zijienn" {rF+ EV+5 Str+4}
MPRegen 0.75/turn

%: reflection
@: about to teleport
A: clumsy 1, strong-willed 1, weak 2
}: 3/15 runes: serpentine, barnacled, slimy
a: Renounce Religion, Unearth Wretches


You were on level 5 of the Realm of Zot.
You worshipped Kikubaaqudgha.
Kikubaaqudgha was most pleased with you.
You visited 10 branches of the dungeon, and saw 51 of its levels.
You also visited: Ossuary and Ice Cave.

You collected 5877 gold pieces.
You spent 4649 gold pieces at shops.


Innate Abilities, Weirdness & Mutations

You are clumsy. (Dex -2)
You are strong-willed. (Will+)
You are very weak. (Str -4)


   Skills:
 - Level 18.0 Fighting
 - Level 6.0 Armour
 - Level 20.0 Dodging
 - Level 4.0 Stealth
 - Level 6.0 Shields
 O Level 27 Spellcasting
 - Level 4.0 Conjurations
 - Level 17.0 Hexes
 - Level 12.3 Summonings
 + Level 25.2 Necromancy
 - Level 8.0 Translocations
 - Level 4.0 Air Magic
 - Level 11.2 Earth Magic
 - Level 6.7 Poison Magic
 - Level 8.0 Evocations


You couldn't memorise any spells.
You knew the following spells:

 Your Spells              Type           Power      Damage    Failure   Level
a - Stone Arrow           Conj/Erth      100%       3d13      1%          3
b - Lee's Rapid Deconstr  Erth           40%        3d20*     1%          5
c - Borgnjor's Vile Clut  Necr/Erth      49%        N/A       0%          5
d - Apportation           Tloc           100%       N/A       1%          1
e - Haunt                 Necr/Summ      49%        N/A       1%          7
g - Discord               Hex            47%        N/A       6%          8
h - Summon Forest         Summ/Tloc      39%        N/A       1%          5
i - Sandblast             Erth           100%       2d20      0%          1
j - Infestation           Necr           55%        N/A       1%          8
l - Dispersal             Tloc           35%        N/A       6%          6
m - Enfeeble              Hex            47%        N/A       1%          7
D - Animate Dead          Necr           100%       N/A       0%          4
F - Death's Door          Necr           55%        N/A       3%          9
K - Borgnjor's Revivific  Necr           55%        N/A       1%          8

Your spell library contained the following spells:

 Spells                   Type           Power      Damage    Failure   Level
 Kiss of Death            Conj/Necr      100%       2d13      0%          1
 Necrotise                Necr           100%       1d9       0%          1
 Slow                     Hex            100%       N/A       0%          1
 Summon Small Mammal      Summ           100%       N/A       0%          1
 Call Imp                 Summ           100%       N/A       0%          2
 Cigotuvi's Dreadful Rot  Necr/Pois/Air  100%       N/A       0%          2
 Confusing Touch          Hex            95%        N/A       0%          3
 Summon Guardian Golem    Hex/Summ       90%        N/A       0%          3
 Tukima's Dance           Hex            95%        N/A       0%          3
 Vampiric Draining        Necr           100%       2d13      0%          3
 Anguish                  Hex/Necr       52%        N/A       0%          4
 Cause Fear               Hex            47%        N/A       0%          4
 Agony                    Necr           100%       N/A       0%          5
 Foxfire                  Conj/Fire      100%       2x1d9     1%          1
 Magic Dart               Conj           100%       1d8       1%          1
 Sting                    Tmut/Pois      100%       1d8       1%          1
 Blink                    Tloc           100%       N/A       1%          2
 Ensorcelled Hibernation  Hex/Ice        100%       N/A       1%          2
 Lesser Beckoning         Tloc           100%       N/A       1%          2
 Momentum Strike          Conj/Tloc      100%       3d10      1%          2
 Passwall                 Tmut/Erth      53%        N/A       1%          2
 Poisonous Vapours        Pois/Air       100%       N/A       1%          2
 Call Canine Familiar     Summ           84%        N/A       1%          3
 Inner Flame              Hex/Fire       73%        N/A       1%          3
 Mephitic Cloud           Conj/Pois/Air  61%        N/A       1%          3
 Portal Projectile        Hex/Tloc       100%       N/A       1%          3
 Swiftness                Air            58%        N/A       1%          3
 Volatile Blastmotes      Fire/Tloc      100%       2d18      1%          3
 Animate Armour           Summ/Erth      100%       N/A       1%          4
 Leda's Liquefaction      Hex/Erth       44%        N/A       1%          4
 Manifold Assault         Tloc           71%        N/A       1%          4
 Olgreb's Toxic Radiance  Pois           67%        N/A       1%          4
 Petrify                  Tmut/Erth      64%        N/A       1%          4
 Summon Lightning Spire   Summ/Air       72%        N/A       1%          4
 Vhi's Electric Charge    Tloc/Air       100%       N/A       1%          4
 Metabolic Englaciation   Hex/Ice        36%        N/A       1%          5
 Silence                  Hex/Air        39%        N/A       1%          5
 Summon Mana Viper        Hex/Summ       90%        N/A       1%          5
 Simulacrum               Ice/Necr       42%        N/A       1%          6
 Summon Cactus Giant      Summ           42%        N/A       1%          6
 Frozen Ramparts          Ice            78%        1d12      3%          3
 Ozocubu's Armour         Ice            39%        N/A       3%          3
 Arcjolt                  Conj/Air       29%        1d39      5%          5
 Iskenderun's Battlesphe  Conj           58%        2d11      5%          5
 Alistair's Intoxication  Tmut/Pois      37%        N/A       7%          5
 Leda's Unmaking          Conj/Erth      35%        9d6       7%          6
 Fireball                 Conj/Fire      25%        3d11      12%         5
 Conjure Ball Lightning   Conj/Air       29%        3x3d8     30%         6
 Spellforged Servitor     Conj/Summ      36%        N/A       30%         7
 Eringya's Noxious Bog    Tmut/Pois      28%        4d6       36%         6
 Summon Horrible Things   Summ           42%        N/A       41%         8
 Plasma Beam              Fire/Air       25%        2x1d37    56%         6
 Starburst                Conj/Fire      25%        6d8       56%         6
 Orb of Destruction       Conj           29%        9d9       86%         7
 Disjunction              Tloc           35%        N/A       94%         8
 Lehudib's Crystal Spear  Conj/Erth      35%        10d9      96%         8
 Ozocubu's Refrigeration  Ice            19%        4d11      100%        7
 Ignition                 Fire           19%        3d7       100%        8

Inventory:

Hand Weapons
 x - the +5 short sword of Zythroyka (weapon) {venom, Fragile rElec rPois rN++, short}
   (You found it on level 2 of the Vaults)

   rElec:     It insulates you from electricity.
   rPois:     It protects you from poison rN++: It greatly protects you from
   negative energy.
   Fragile:   It will be destroyed if unequipped.
Armour
 d - a +2 pair of boots (worn)
   (You bought it in a shop on level 14 of the Dungeon)
 G - the +4 dragonskin cloak (worn)
   (You took it off Tiamat on level 2 of the Realm of Zot)

   Avatar's Aegis: It grants the wearer a chance to resist fire, cold, poison,
   electricity, acid, and negative energy.
 L - a +2 helmet of intelligence (worn)
   (You found it on level 3 of the Elven Halls)
 T - a +2 pair of gloves (worn)
   (You took it off Nikola on level 3 of the Elven Halls)
 X - the +5 robe of Night (worn) {Dark Will+ SInv}
   (You found it on level 3 of the Elven Halls)

   Dark:      It shrouds the wearer in darkness, reducing the range at which
   they can see and be seen by others.
   Will+:     It increases your willpower.
   SInv:      It lets you see invisible.
 Y - the +2 cloak "Mixixtorr" {rF+}
   (You bought it in a shop on level 4 of the Snake Pit)

   rF+:       It protects you from fire.
 Z - the +3 warlock's mirror (worn) {omnireflect}
   (You found it on level 3 of the Elven Halls)

   Omnireflect: It can block and reflect piercing ranged attacks and magical
   attacks against the wielder's willpower.
Jewellery
 v - the ring "Sewnaoz" {rCorr MP+9}
   (You bought it in a shop on level 2 of the Orcish Mines)

   [ring of magical power]

   MP+9:      It affects your magic capacity (+9).
   rCorr:     It protects you from acid and corrosion.
 w - the ring "Zijienn" (right hand) {rF+ EV+5 Str+4}
   (You found it on level 5 of the Pits of Slime)

   [ring of evasion]

   EV+5:      It affects your evasion (+5).
   Str+4:     It affects your strength (+4).
   rF+:       It protects you from fire.
 y - an amulet of magic regeneration (around neck) {@e2}
   (You found it on level 7 of the Dungeon)
 P - an amulet of regeneration {@e2}
   (You found it on level 2 of the Realm of Zot)
 Q - the ring of Safiwaos (left hand) {rElec rC+ Will+ Slay-2}
   (You found it on level 3 of the Elven Halls)

   [ring of protection from cold]

   Slay-2:    It affects your accuracy & damage with ranged weapons and melee
   (-2).
   rC+:       It protects you from cold.
   rElec:     It insulates you from electricity.
   Will+:     It increases your willpower.
Wands
 c - a wand of polymorph (43)
   (You found it on level 10 of the Dungeon)
 k - a wand of mindburst (26)
   (You found it on level 8 of the Dungeon)
 o - a wand of flame (81)
   (You found it on level 3 of the Dungeon)
 A - a wand of quicksilver (7)
   (You found it on level 1 of the Vaults)
 M - a wand of iceblast (41)
   (You found it on level 12 of the Dungeon)
 O - a wand of charming (27)
   (You found it on level 15 of the Dungeon)
 U - a wand of digging (17)
   (You found it on level 1 of the Vaults)
Scrolls
 a - a scroll of enchant armour
 g - 2 scrolls of enchant weapon
 j - 5 scrolls of teleportation {@r4}
 m - 4 scrolls of fog
 q - 3 scrolls of brand weapon
 s - 5 scrolls of vulnerability {!r!r}
 u - 10 scrolls of poison {!r}
 C - 9 scrolls of immolation {!r!r}
 H - 2 scrolls of torment {!r}
 K - 5 scrolls of fear
 N - 2 scrolls of identify {@r1}
 R - 4 scrolls of amnesia
 S - a scroll of silence {!r}
Potions
 e - 3 potions of magic
 f - 5 potions of brilliance
 h - 6 potions of attraction {!q}
 i - 2 potions of heal wounds {@q2}
 l - 5 potions of mutation {!q}
 n - 6 potions of lignification {!q}
 r - 14 potions of curing {@q1}
 t - 3 potions of invisibility
 z - 8 potions of haste {@q3}
 E - 2 potions of cancellation
 I - 7 potions of might
 J - 3 potions of enlightenment
Miscellaneous
 b - a phantom mirror (inert)
   (You found it on level 4 of the Shoals)
 B - a lightning rod (3/4)
   (You found it on level 5 of the Lair of Beasts)
 F - a phial of floods (inert)
   (You found it on level 1 of the Shoals)
 W - a condenser vane
   (You found it on level 4 of the Shoals)

Dungeon Overview and Level Annotations

Branches:
Dungeon (15/15) Zot: 23648  Temple (0/1) D:5            Lair (5/5) D:11 Zot: 18207
 Shoals (4/4) Lair:3 Zot: 17051   Snake (4/4) Lair:2 Zot: 17504   Slime (5/5) Lair:5 Zot: 24866
    Orc (2/2) D:9 Zot: 10075     Elf (3/3) Orc:2 Zot: 13348  Vaults (4/5) D:13 Zot: 14642
  Crypt (0/3) Vaults:3     Depths (4/4) D:15 Zot: 17699     Zot (5/5) Depths:4 Zot: 24876
Ossuary (visited)           IceCv (visited)

Altars:
Dithmenos
Gozag
Kikubaaqudgha
Makhleb
Okawaru
Ru
Uskayaw
Vehumet
Xom
Yredelemnul
Zin
Jiyva

Shops:
D:1 *   D:14 [   Orc:2 (=!(*   Shoals:2 =   Snake:2 =:=   Snake:3 :
Snake:4 [[:(   Vaults:3 (   Depths:1 [   Depths:2 *   Depths:4 (:

Portals:
Hell: Depths:1 Depths:2 Depths:3 Depths:4
Pandemonium: Depths:2
Ziggurat: Depths:3

Annotations:
D:4 exclusion: phantom, Natasha
D:5 2 transporters, Duvessa; makewrite's ghost, novice MiGl
D:7 exclusions: door and steam dragon
D:8 1 runed translucent door
D:15 1 runed translucent door, Ostrewetu's ghost, journeyman SpBr
Lair:3 3 runed translucent doors, HoaS's ghost, journeyman DgHu
Shoals:3 exclusion: 2 downstairs
Snake:2 exclusion: downstairs
Elf:2 3 runed translucent doors
Vaults:1 1 runed translucent door
Zot:3 Parghit
Zot:5 exclusion: 2 upstairs

#.......^............###.....^
#...§^...............# ##.....
#...§....)...........# #.....
#.....§WW*..b^.......# ##...^
#....^§§W^.b^bbb.....# #....
....§..b.b^bb.....# ##....
......bb.bbbbb.. #.....
...?.bb..bbb.^b. #.....
#.....Wb.b@b.b.# #......
################▓▓▓▓#######
#....# #...##...#..
###########....######...##..##..
#...............................
#...............................
#.....#...##.^.#######.^...^###.
#...############ #...##..# #.
##### #...##⌠.# ##


You could see an orb of fire (ally target), a friendly shadow wraith (summoned,
invisible) and 2 friendly wraiths.


Message History

* * * LOW HITPOINT WARNING * * *
Your wraith hits the ancient lich but does no damage.
Unknown command. 😨 HP[-37] MP[-6]
You take 37 damage, and now have 60/145 hp.
MASSIVE DAMAGE!! (PAUSE)
You lost 6 mp, and now have 37/56 mp.
Unknown command.
The ancient lich disappears!
A bolt of lightning appears from out of your range of vision.
Your wraith closely misses the orb of fire.
You hear a roar! x2 😨 MP[+1] Unknown command.
Casting: Haunt (mildly dangerous; 1% risk of failure)
Confirm with . or Enter, or press ? or * to list all spells.
Aiming: Haunt (mildly dangerous; 1% risk of failure)
Press: ? - help, Dir - move target, f/p - orb of fire
Aim: an orb of fire (ally target) Insubstantial figures form in the air.
Your wraith disappears in a puff of smoke!
Your freezing wraith disappears in a puff of smoke!
Your wraith hits the orb of fire but does no damage.
Your phantasmal warrior hits the orb of fire but does no damage. 😨 HP[+1] MP[-6]
You lost 6 mp, and now have 32/56 mp.
Unknown command.
Unknown command.
The orb of fire emits a lurid red light.
The bolt of fire hits your phantasmal warrior!!
The bolt of fire misses you.
Your phantasmal warrior barely misses the orb of fire.
Your freezing wraith misses the orb of fire.
Your freezing wraith hits the orb of fire.
Your freezing wraith drains the orb of fire's vigour!
The orb of fire seems to slow down.
Your wraith hits the orb of fire but does no damage.
Your phantasmal warrior hits the orb of fire but does no damage.
Unknown command.
Okay, then.
The orb of fire emits a lurid red light.
The fireball explodes!
The fireball engulfs your phantasmal warrior!!!!
Your phantasmal warrior is destroyed!
Your phantasmal warrior disappears in a puff of smoke!
The fireball engulfs the orb of fire.
The orb of fire completely resists.
The fireball engulfs your freezing wraith!!!!
Your freezing wraith is burned terribly!
Your freezing wraith is destroyed!
Your freezing wraith disappears in a puff of smoke!
The fireball engulfs your phantasmal warrior!!!
Your phantasmal warrior is destroyed!
Your phantasmal warrior disappears in a puff of smoke!
You hear a deafening roar! 😨 HP[+1] MP[+1]
Casting: Haunt (mildly dangerous; 1% risk of failure)
Confirm with . or Enter, or press ? or * to list all spells.
Aiming: Haunt (mildly dangerous; 1% risk of failure)
Press: ? - help, Dir - move target, f/p - orb of fire
Aim: an orb of fire (lightly damaged, slow, ally target) Insubstantial figures form in the air.
Your phantasmal warrior disappears in a puff of smoke!
Your wraith disappears in a puff of smoke! 😨 MP[-6]
You lost 6 mp, and now have 27/56 mp.
Your shadow wraith disappears in a puff of smoke!
Your wraith hits the orb of fire but does no damage. 😨 HP[+1] MP[+1] Unknown command.
As you read the scroll of butterflies, it crumbles to dust.
You hear the flapping of tiny wings.
The orb of fire disappears!
Your wraith completely misses the orb of fire. 😨 MP[+1] Unknown command.
Unknown command.
As you read the scroll of teleportation {@r4}, it crumbles to dust.
You feel strangely unstable.
You feel the Orb delaying your translocation!
The orb of fire emits a lurid red light.
The bolt of fire hits your butterfly!!!!
Your butterfly dies!
Your butterfly disappears in a burst of colours!
The bolt of fire hits your butterfly!!!
Your butterfly dies!
Your butterfly disappears in a burst of colours!
The bolt of fire hits your butterfly!!!
Your butterfly dies!
Your butterfly disappears in a burst of colours!
The bolt of fire hits you!!! You resist.
* * * LOW HITPOINT WARNING * * *
The orb of fire glows yellow.
The bolt of fire hits your butterfly!!!!
Your butterfly dies!
Your butterfly disappears in a burst of colours!
The bolt of fire hits your butterfly!!!!
Your butterfly dies!
Your butterfly disappears in a burst of colours!
The bolt of fire misses your butterfly. The bolt of fire hits you!! You resist.
You die...
Kikubaaqudgha rasps: "You have failed me!
Welcome... death!"

Skill      XL: |  1  2  3  4  5  6  7  8  9 10 11 12 13 14 15 16 17 18 19 20 21 22 23 24 |
---------------+-------------------------------------------------------------------------+-----
Stealth        | 1 2 3 4 |  4.0
Spellcasting   | 2 3 4 6 8 9 11 12 15 17 20 22 27 | 27.0
Earth Magic    | 4 5 6 7 8 10 11 | 11.2
Necromancy     | 1 5 7 9 10 12 19 21 25 | 25.2
Conjurations   | 3 4 |  4.0
Air Magic      | 3 4 |  4.0
Dodging        | 7 10 12 14 16 18 20 | 20.0
Fighting       | 5 8 10 12 14 15 16 18 | 18.0
Shields        | 5 6 |  6.0
Evocations     | 7 8 |  8.0
Poison Magic   | 6 |  6.7
Hexes          | 6 17 | 17.0
Armour         | 4 6 |  6.0
Summonings     | 10 12 | 12.3
Translocations | 5 8 |  8.0

Action                     |  1- 3 |  4- 6 |  7- 9 | 10-12 | 13-15 | 16-18 | 19-21 | 22-24 || total
---------------------------+-------+-------+-------+-------+-------+-------+-------+-------++-------
  Melee: Dagger            |     1 |       |       |       |       |       |       |       ||     1
         Staff             |       |       |       |     5 |       |       |       |       ||     5
         Short sword       |       |       |       |    14 |   114 |    21 |    48 |   115 ||   312
   Cast: Sandblast         |    61 |    77 |   148 |    55 |    26 |       |       |       ||   367
         Lee's Rapid Decon |       |       |     4 |    44 |    71 |    76 |    28 |     1 ||   224
         Borgnjor's Vile C |       |       |     4 |   131 |   276 |   213 |   213 |   222 ||  1059
         Animate Dead      |       |       |     2 |    14 |    17 |    13 |     5 |     6 ||    57
         Mephitic Cloud    |       |       |       |     4 |       |       |     2 |       ||     6
         Anguish           |       |       |       |     1 |     7 |     1 |       |       ||     9
         Stone Arrow       |       |       |       |       |   188 |   133 |   247 |   175 ||   743
         Olgreb's Toxic Ra |       |       |       |       |    30 |     9 |    11 |     2 ||    52
         Infestation       |       |       |       |       |       |    54 |    65 |    64 ||   183
         Haunt             |       |       |       |       |       |     3 |   132 |   251 ||   386
         Borgnjor's Revivi |       |       |       |       |       |     1 |       |     1 ||     2
         Enfeeble          |       |       |       |       |       |       |       |    26 ||    26
         Discord           |       |       |       |       |       |       |       |    17 ||    17
         Dispersal         |       |       |       |       |       |       |       |    14 ||    14
         Summon Forest     |       |       |       |       |       |       |       |     1 ||     1
 Invoke: Unearth Wretches  |       |       |     2 |     4 |    14 |    29 |    14 |    30 ||    93
         Receive Forbidden |       |       |       |       |     1 |       |       |       ||     1
  Evoke: Wand              |       |       |       |    19 |     3 |     2 |     4 |     1 ||    29
         Lightning rod     |       |       |       |       |     4 |     6 |    13 |     9 ||    32
         Phantom mirror    |       |       |       |       |       |       |       |     2 ||     2
         Phial of floods   |       |       |       |       |       |       |       |     1 ||     1
    Use: Scroll            |       |       |     7 |    14 |    13 |    11 |     7 |    19 ||    71
         Potion            |       |       |     2 |     3 |     8 |    10 |     2 |    21 ||    46
   Stab: Confused          |       |       |       |     1 |       |       |     1 |       ||     2
         Paralysed         |       |       |       |     1 |       |     1 |       |       ||     2
         Distracted        |       |       |       |       |     3 |     2 |     5 |     5 ||    15
         Invisible         |       |       |       |       |       |       |       |     1 ||     1
         Sleeping          |       |       |       |       |       |       |       |     1 ||     1
 Armour: Robe              |     1 |     4 |     9 |       |       |       |       |   109 ||   123
         Steam dragon scal |       |       |     5 |    43 |   130 |       |       |       ||   178
         Ring mail         |       |       |       |       |       |   101 |    89 |       ||   190
  Dodge: Dodged            |    12 |    12 |    44 |   128 |   382 |   228 |   221 |   562 ||  1589
         Repelled          |     1 |     1 |     2 |       |       |       |       |       ||     4
  Block: Buckler           |     9 |    11 |    21 |    40 |   135 |    98 |   120 |   222 ||   656
         Reflection        |       |       |       |       |       |       |     7 |    22 ||    29

Levels and vault maps discovered:
D:1:      dpeg_arrival_stone_temple_mockup, layout_loops_cross,
          ebering_ecumenical_altar_rust, serial_shops, nicolae_shop_tiny_glass
D:2:      layout_basic, basic_altar, minmay_misc_feat_more_columns, uniq_robin
D:3:      layout_loops_ring, kennysheep_path_1, chequers_serial_rivers_marsh
D:4:      layout_basic, uniq_natasha
D:5:      layout_rooms, mainiacjoe_overflow_catwalk_spiral, temple_fountains,
          gammafunk_ghost_hive, serial_park_tiny_2, uniq_duvessa
D:6:      layout_basic, grunt_temple_overflow_order_and_chaos_2,
          lightli_ossuary_entry_decrepit_ruins, kennysheep_generic_room_6
D:7:      kennysheep_six_static_rooms, layout_basic
D:8:      cheibrodos_shockbox, layout_cave_pods, general_overflow_altar,
          uniq_prince_ribbit1
D:9:      layout_rooms, david_orc_3
D:10:     layout_loops_ring
D:11:     layout_cave_pools, hellmonk_lair_entry_icy, uniq_amaemon
D:12:     layout_loops_ring, uniq_nessos
D:13:     layout_stronghold, ximxim_vaults_locker_room, grunt_dithmenos_shadows
D:14:     layout_cave_pools, serial_shops, shop, tgw_xom
D:15:     grunt_enter_depths_snipers, layout_cave_pools, ebering_ghost_xom,
          roderic_roman_lattice
Lair:1:   layout_cave_pods, uniq_harold
Lair:2:   layout_long_grid, guppyfry_snake_entry_garden,
          infiniplex_staircase_pool_2, uniq_gastronok, uniq_nergalle
Lair:3:   regret_index_bee_streams, layout_misc_corridors,
          minmay_shoals_entry_beasts, gammafunk_ghost_hydra_chop,
          chequers_serial_rivers_small_3, nicolae_lair_run_with_the_wolves,
          serial_bayou_shore_b
Lair:4:   layout_gridlike, nicolae_lair_lil_pond,
          chequers_serial_rivers_micro_b, uniq_kirke, uniq_snorg
Lair:5:   hangedman_lair_caniforms_friends, layout_regular_city,
          guppyfry_lair_end_dragon, slime_entry_2,
          eino_small_chamber_without_monster, st_stairs_5
Shoals:1: layout_shoals, nicolae_shoals_enchanted_isle
Shoals:2: argonaut_golden_fleece, layout_shoals, serial_shops, shop,
          nicolae_shoals_isolated_beach, uniq_polyphemus
Shoals:3: layout_shoals
Shoals:4: shoals_end_grunt_ice, layout_shoals, shoals_ilsuiw_ice,
          nicolae_shoals_stone_sculpture_thing
Snake:1:  layout_layer_cave
Snake:2:  layout_onion_interference, nicolae_snake_double_loop,
          nicolae_snake_salamander_stairs, minmay_shop_grove, uniq_aizul
Snake:3:  layout_misc_corridors, serial_shops, shop, nrook_loot_triangle,
          drop_trap, grunt_ministairs_12, serial_bayou_shore_b,
          grunt_megastairs_4, uniq_azrael
Snake:4:  minmay_snake_end_coiled, layout_cave_town, st_stairs_8,
          minmay_shop_grid_forest
Slime:1:  layout_caves, cheibrodos_slime_lost_civilization_7
Slime:2:  layout_caves, nicolae_slime_getting_an_eyeful
Slime:3:  layout_caves
Slime:4:  layout_caves, basic_altar
Slime:5:  slime_pit_nicolae_trefoil
Orc:1:    layout_caves, basic_altar
Orc:2:    st_orc_elflike, layout_caves, nicolae_alphabet_shops
Elf:1:    eino_elf_arrival_altar, layout_loops_corners,
          portal_desolation_entry_ruin, hangedman_elven_crosses_minicolossus,
          uniq_jorgrun
Elf:2:    elven_hall_of_blades_hangedman_original [nicolae_blade_tridents],
          layout_geoelf_grid, minivault_26, nicolae_elevator_lobby_plus
Elf:3:    minmay_elf_hall_quartered_circle, layout_geoelf_castle,
          portal_ice_cave_entry_dragon, due_unseen_surprise, uniq_nikola
Vaults:1: nicolae_vaults_double_plus_2, nicolae_vaults_oozy_zoo,
          nicolae_vaults_door_testing_chamber, nicolae_vaults_disjoint_gnomons,
          v_misc_3, hangedman_vaults_snaps, hangedman_vaults_capsules,
          nicolae_vaults_sesquioval_fish, layout_vaults_omnicross
Vaults:2: nicolae_vaults_network_periphery, st_more_cells,
          nicolae_vaults_yaktaur_gun_rack,
          nicolae_vaults_windows_and_doors_thing,
          nicolae_vaults_little_squares_6, layout_vaults_omnigrid, serial_shops,
          nicolae_shop_behind_doors
Vaults:3: v_misc_22, vaults_mumra_chevron, minmay_crypt_entry_necro_gods,
          nicolae_vaults_six-pack, vaults_room_stairs_pillars,
          nicolae_vaults_wrenched, nicolae_vaults_cornered_office,
          grunt_vaults_focal, nicolae_vaults_house_3,
          nicolae_vaults_little_squares_6, vaults_dpeg_diagonal,
          nicolae_vaults_taking_the_gang_shopping, ontoclasm_vaults_gateway,
          door_vault, nicolae_vaults_house_1, nicolae_vaults_tangram_1,
          nicolae_vaults_heart-shaped_vault, v_misc_2,
          nicolae_vaults_oval_intersection, layout_vaults_omnibox
Vaults:4: nicolae_vaults_circle_grid_b, nicolae_vaults_heart-shaped_vault,
          nicolae_vaults_offset_grid_hallway_2,
          nicolae_vaults_mini_display_case, nicolae_vaults_closet_pinwheel_4,
          nicolae_vaults_more_shelving_1, nicolae_vaults_specimen_jars,
          vaults_room_stairs_pillars, nicolae_vaults_trapezoid_4,
          vaults_room_stairs_pillars, v_misc_1, vaults_mumra_hex,
          nicolae_vaults_house_3, layout_vaults_big_room
Depths:1: layout_big_octagon, hell_entry, serial_shops,
          nicolae_shop_real_fake_doors, dancing_weapons_uskayaw
Depths:2: minmay_the_grid_plus [minmay_the_grid_holed_spiral,
          minmay_the_grid_fan, minmay_the_grid_x,
          minmay_the_grid_aliased_spiral, minmay_the_grid_prize_trominoes],
          layout_cave_shapes, rand_demon_pan_entry_1, hell_entry, serial_shops,
          shop, kennysheep_cross_bottleneck, infiniplex_staircase_zigzag_3,
          firewood_loft, uniq_mara, uniq_asterion
Depths:3: kennysheep_blocky_hall, layout_small_grid, enter_ziggurat_e,
          marbit_kobold_abyss_entry, hell_entry, minmay_misc_feat_nine_boxes
Depths:4: grunt_zot_entry_hairpin, layout_cave_shapes, hell_entry,
          serial_bayou_shore_b, serial_bayou_shore_a, minmay_shop_star
Zot:1:    minmay_elemental_castle, layout_cathedral_of_symmetry
Zot:2:    layout_onion_interference, hellmonk_body_bag, uniq_vv, uniq_tiamat
Zot:3:    layout_basic, hangedman_zot_diagonal_lockstep, lemuel_elevator,
          grunt_megastairs_2, uniq_parghit
Zot:4:    circus_mu, layout_gridlike
Zot:5:    layout_misc_corridors

Notes
Turn   | Place    | Note
-------+----------+-------------------------------------------
     0 | D:1      | MackTheKnife the Deep Elf Wanderer began the quest for the
                  | Orb.
     0 | D:1      | MackTheKnife set off with the following items: a +0 dagger
                  | {short}, a scroll of butterflies, a +0 robe, a +0 buckler;
                  | and the following spells available to memorise: Sandblast,
                  | Slow, Passwall, Confusing Touch, Leda's Liquefaction.
     0 | D:1      | Reached XP level 1. HP: 10/10 MP: 5/5
     0 | D:1      | magus.rc [v1.9.6]
     6 | D:1      | Learned a level 1 spell: Sandblast
   207 | D:1      | Found a faded altar of an unknown god.
   211 | D:1      | Prayed at the altar of an unknown god.
   211 | D:1      | Became a worshipper of Kikubaaqudgha
   211 | D:1      | Reached * piety under Kikubaaqudgha
   211 | D:1      | You add the spells Kiss of Death, Necrotise, Cigotuvi's
                  | Dreadful Rot and Animate Dead to your library.
   211 | D:1      | Received a gift from Kikubaaqudgha
   257 | D:1      | Reached skill level 1 in Stealth
   257 | D:1      | Reached skill level 2 in Spellcasting
   292 | D:1      | Reached XP level 2. HP: 15/15 MP: 5/7
   692 | D:1      | Found Xivod's Assorted Antiques.
   811 | D:1      | Reached ** piety under Kikubaaqudgha
   828 | D:1      | Reached XP level 3. HP: 19/19 MP: 6/8
   977 | D:1      | Reached skill level 2 in Stealth
  1106 | D:2      | Noticed Robin
  1155 | D:2      | You pick up a book of Burglary and begin reading...
  1155 | D:2      | You add the spells Ensorcelled Hibernation and Swiftness to
                  | your library.
  1254 | D:2      | Reached skill level 4 in Earth Magic
  1356 | D:2      | magus.rc [v1.9.6]
  1406 | D:2      | Found an iron altar of Okawaru.
  1483 | D:2      | Reached skill level 3 in Spellcasting
  1628 | D:2      | Killed Robin
  1629 | D:2      | Reached XP level 4. HP: 19/24 MP: 3/10
  2287 | D:3      | Reached *** piety under Kikubaaqudgha
  2287 | D:3      | You add the spells Anguish, Agony, Borgnjor's Vile Clutch
                  | and Simulacrum to your library.
  2287 | D:3      | Received a gift from Kikubaaqudgha
  2358 | D:3      | Reached skill level 3 in Stealth
  2823 | D:1      | Bought a scroll labelled DAYCHU WO JIH for 24 gold pieces
  2823 | D:1      | Bought a bubbling cyan potion for 21 gold pieces
  3156 | D:4      | Noticed Natasha
  3158 | D:4      | magus.rc [v1.9.6]
  3235 | D:4      | Reached XP level 5. HP: 21/28 MP: 8/12
  3310 | D:4      | Reached skill level 4 in Spellcasting
  3429 | D:4      | Reached skill level 4 in Stealth
  3431 | D:4      | Reached skill level 5 in Earth Magic
  3528 | D:4      | Noticed a phantom
  3832 | D:5      | Entered Level 5 of the Dungeon
  3835 | D:5      | Reached XP level 6. HP: 32/32 MP: 12/15
  3888 | D:5      | Reached skill level 5 in Spellcasting
  3951 | D:5      | Found a shimmering altar of Xom.
  3953 | D:5      | Found a sacrificial altar of Ru.
  4034 | D:5      | Found a staircase to the Ecumenical Temple.
  4095 | D:5      | Reached skill level 6 in Spellcasting
  4095 | D:5      | Reached skill level 6 in Earth Magic
  4134 | D:5      | Noticed Duvessa
  4150 | D:5      | You pick up a book of Iron and begin reading...
  4150 | D:5      | You add the spells Summon Lightning Spire, Animate Armour
                  | and Lee's Rapid Deconstruction to your library.
  4157 | D:5      | Learned a level 5 spell: Lee's Rapid Deconstruction
  4256 | D:5      | Found a transporter.
  4258 | D:5      | Found a transporter.
  4260 | D:5      | Noticed makewrite's ghost (novice MiGl)
  4375 | D:6      | Reached XP level 7. HP: 36/36 MP: 14/18
  4528 | D:6      | Reached skill level 7 in Spellcasting
  4540 | D:6      | Reached skill level 7 in Earth Magic
  4545 | D:5      | HP: 9/36 [iguana (10)]
  4546 | D:5      | HP: 3/36 [iguana (11)]
  4553 | D:5      | HP: 6/36 [iguana (11)]
  4687 | D:6      | Learned a level 5 spell: Borgnjor's Vile Clutch
  4718 | D:6      | Reached **** piety under Kikubaaqudgha
  4741 | D:6      | Found a sand-covered staircase.
  4755 | Ossuary  | Entered an ossuary
  4785 | Ossuary  | Reached skill level 1 in Necromancy
  4789 | Ossuary  | Reached skill level 8 in Spellcasting
  4789 | Ossuary  | Reached XP level 8. HP: 25/41 MP: 15/22
  4865 | Ossuary  | Reached skill level 2 in Necromancy
  5048 | Ossuary  | Reached skill level 3 in Necromancy
  5238 | D:6      | You fall into a shaft and drop 1 floor!
  5261 | D:7      | Reached skill level 8 in Earth Magic
  5293 | D:7      | You pick up a book of Minor Magic and begin reading...
  5293 | D:7      | You add the spells Magic Dart, Call Imp and Mephitic Cloud
                  | to your library.
  5310 | D:7      | Reached ***** piety under Kikubaaqudgha
  5402 | D:7      | Reached skill level 9 in Spellcasting
  5694 | D:6      | Found a burning altar of Makhleb.
  5696 | D:6      | Found a glowing silver altar of Zin.
  5712 | D:6      | Reached skill level 4 in Necromancy
  5772 | D:6      | Noticed a green death
  5772 | D:6      | Noticed an angel
  5924 | D:6      | magus.rc [v1.9.6]
  6105 | D:7      | Learned a level 4 spell: Animate Dead
  6204 | D:7      | Reached skill level 5 in Necromancy
  6204 | D:7      | Reached XP level 9. HP: 39/45 MP: 17/24
  6411 | D:7      | Reached skill level 10 in Spellcasting
  6483 | D:7      | Reached skill level 9 in Earth Magic
  6624 | D:8      | Found a runed translucent door.
  6624 | D:8      | Noticed a sixfirhy
  6643 | D:8      | Noticed Prince Ribbit
  6664 | D:8      | Noticed a two-headed ogre
  6688 | D:8      | Killed a two-headed ogre
  6689 | D:8      | Reached skill level 6 in Necromancy
  6706 | D:8      | Killed Prince Ribbit
  6707 | D:8      | Reached skill level 11 in Spellcasting
  6835 | D:8      | Found an opulent altar of Gozag.
  6888 | D:8      | Reached skill level 7 in Necromancy
  6890 | D:8      | Reached skill level 10 in Earth Magic
  6894 | D:8      | Reached XP level 10. HP: 38/50 MP: 7/27
  7441 | D:8      | Learned a level 3 spell: Mephitic Cloud
  7504 | D:9      | Reached skill level 8 in Necromancy
  7517 | D:9      | Reached skill level 12 in Spellcasting
  7726 | D:9      | Found a staircase to the Orcish Mines.
  7743 | D:9      | Reached skill level 9 in Necromancy
  7743 | D:9      | Reached skill level 11 in Earth Magic
  7895 | D:9      | Reached skill level 1 in Conjurations
  7895 | D:9      | Reached skill level 1 in Air Magic
  7985 | D:9      | Reached skill level 2 in Conjurations
  7985 | D:9      | Reached skill level 2 in Air Magic
  8281 | D:10     | Entered Level 10 of the Dungeon
  8297 | D:10     | Identified the +1 short sword "Quot" {heavy, rN+ Will+
                  | Str+2}
  8391 | D:10     | Noticed a two-headed ogre
  8396 | D:10     | Killed a two-headed ogre
  8397 | D:10     | Reached skill level 3 in Conjurations
  8397 | D:10     | Reached skill level 3 in Air Magic
  8488 | D:10     | Reached XP level 11. HP: 49/54 MP: 15/29
  8677 | D:10     | Reached skill level 1 in Dodging
  8734 | D:10     | You pick up a book of Cantrips and begin reading...
  8734 | D:10     | You add the spells Summon Small Mammal and Apportation to
                  | your library.
  9022 | D:10     | Reached skill level 1 in Fighting
  9146 | D:11     | Noticed a two-headed ogre
  9153 | D:11     | Killed a two-headed ogre
  9154 | D:11     | Reached skill level 2 in Dodging
  9187 | D:11     | Got the Parchment of Despair and Fascination
  9285 | D:11     | Noticed Amaemon
  9289 | D:11     | Reached skill level 2 in Fighting
  9289 | D:11     | Reached skill level 3 in Dodging
  9289 | D:11     | Reached skill level 4 in Shields
  9289 | D:11     | Killed Amaemon
  9361 | D:11     | Found a staircase to the Lair.
  9370 | D:11     | Reached skill level 4 in Dodging
  9395 | D:11     | HP: 14/59 [rime drake/icy flash freeze (13)]
  9399 | D:11     | Reached skill level 3 in Fighting
  9406 | D:11     | HP: 10/60 [manticore/volley of spikes (10)]
  9409 | D:11     | HP: 4/60 [manticore/volley of spikes (17)]
  9732 | D:11     | Reached skill level 5 in Dodging
  9732 | D:11     | Reached skill level 5 in Shields
  9900 | Lair:1   | Entered Level 1 of the Lair of Beasts
  9905 | Lair:1   | Learned a level 3 spell: Swiftness
  9974 | Lair:1   | Reached skill level 4 in Fighting
  9975 | Lair:1   | Reached skill level 6 in Dodging
 10219 | Lair:1   | Noticed Harold
 10224 | Lair:1   | Reached skill level 7 in Dodging
 10230 | Lair:1   | Killed Harold
 10231 | Lair:1   | Reached skill level 5 in Fighting
 10231 | Lair:1   | Reached XP level 12. HP: 56/68 MP: 5/30
 10447 | Lair:1   | You pick up a book of Callings and begin reading...
 10447 | Lair:1   | You add the spells Call Canine Familiar and Summon Guardian
                  | Golem to your library.
 10669 | Lair:1   | Reached skill level 8 in Dodging
 11258 | Lair:2   | magus.rc [v1.9.6]
 11358 | Lair:2   | Noticed a four-headed hydra
 11359 | Lair:2   | magus.rc [v1.9.6]
 11369 | Lair:2   | Killed a four-headed hydra
 11370 | Lair:2   | Reached skill level 6 in Fighting
 11372 | Lair:2   | Reached skill level 9 in Dodging
 11374 | Lair:2   | Noticed a seven-headed hydra
 11409 | Lair:2   | HP: 9/69 [seven-headed hydra (12)]
 11972 | Lair:2   | Noticed Nergalle
 12070 | Lair:2   | Noticed a catoblepas
 12084 | Lair:2   | Killed a catoblepas
 12193 | Lair:2   | Reached skill level 10 in Dodging
 12193 | Lair:2   | Killed Nergalle
 12194 | Lair:2   | Reached skill level 7 in Fighting
 12200 | Lair:2   | HP: 16/69 [wolf (2)]
 12216 | Lair:2   | Noticed Gastronok
 12460 | Lair:2   | Found a staircase to the Snake Pit.
 12516 | Lair:2   | Killed a seven-headed hydra
 12764 | Lair:2   | Killed Gastronok
 12765 | Lair:2   | Reached skill level 8 in Fighting
 12788 | Lair:2   | Learned a level 1 spell: Apportation
 12793 | Lair:2   | Learned a level 4 spell: Anguish
 13067 | Lair:3   | Noticed a death yak
 13067 | Lair:3   | Noticed a death yak
 13067 | Lair:3   | Noticed a death yak
 13067 | Lair:3   | Noticed a death yak
 13068 | Lair:3   | Noticed a death yak
 13139 | Lair:3   | Found a staircase to the Shoals.
 13378 | Lair:3   | Noticed a death yak
 13378 | Lair:3   | Noticed a death yak
 13378 | Lair:3   | Noticed a death yak
 13378 | Lair:3   | Noticed a death yak
 13378 | Lair:3   | Noticed a death yak
 13378 | Lair:3   | Noticed a death yak
 13897 | Lair:2   | Killed a death yak
 13898 | Lair:2   | Reached skill level 6 in Shields
 13900 | Lair:2   | Killed a death yak
 13903 | Lair:2   | Killed a death yak
 14241 | Lair:3   | Reached XP level 13. HP: 70/79 MP: 1/31
 14324 | Lair:2   | Reached skill level 9 in Fighting
 14680 | Lair:2   | Reached skill level 10 in Fighting
 14691 | Lair:2   | Reached skill level 13 in Spellcasting
 14691 | Lair:2   | Reached skill level 1 in Evocations
 14697 | Lair:2   | Reached skill level 2 in Evocations
 15031 | Lair:3   | Reached skill level 3 in Evocations
 15218 | Lair:3   | Reached skill level 4 in Evocations
 15228 | Lair:3   | Found a runed translucent gate.
 15228 | Lair:3   | Found a runed translucent gate.
 15245 | Lair:3   | Found a runed translucent gate.
 15245 | Lair:3   | Noticed HoaS's ghost (journeyman DgHu)
 15314 | Lair:3   | Reached ****** piety under Kikubaaqudgha
 15315 | Lair:3   | You add the spells Haunt, Borgnjor's Revivification,
                  | Infestation and Death's Door to your library.
 15315 | Lair:3   | Received a gift from Kikubaaqudgha
 15345 | Lair:3   | Reached skill level 14 in Spellcasting
 15378 | Lair:3   | Reached skill level 5 in Evocations
 15601 | Lair:3   | You pick up a book of Spatial Translocations and begin
                  | reading...
 15601 | Lair:3   | You add the spells Blink, Momentum Strike and Lesser
                  | Beckoning to your library.
 15743 | Lair:3   | Identified the +1 helmet of Povvof Nuxu {Harm rC+ Int+3
                  | Dex-4}
 16146 | Lair:4   | Noticed Snorg
 16158 | Lair:4   | Killed Snorg
 16161 | Lair:4   | Reached skill level 6 in Evocations
 16176 | Lair:4   | You add the spells Sting, Poisonous Vapours and Olgreb's
                  | Toxic Radiance to your library.
 16618 | Lair:4   | Reached skill level 15 in Spellcasting
 16696 | Lair:4   | Noticed Kirke
 16701 | Lair:4   | Killed Kirke
 16763 | Lair:4   | Reached skill level 7 in Evocations
 16901 | Lair:4   | Reached XP level 14. HP: 88/88 MP: 35/35
 17155 | Lair:4   | You add the spells Alistair's Intoxication and Eringya's
                  | Noxious Bog to your library.
 17161 | Lair:4   | Learned a level 4 spell: Olgreb's Toxic Radiance
 17276 | Lair:5   | Entered Level 5 of the Lair of Beasts
 17339 | Lair:5   | Noticed an azure jelly
 17339 | Lair:5   | Noticed an azure jelly
 17339 | Lair:5   | Found a runed translucent door.
 17339 | Lair:5   | Found a viscous altar of Jiyva.
 17339 | Lair:5   | Found a staircase to the Slime Pits.
 17505 | Lair:5   | You pick up a book of Armaments and begin reading...
 17505 | Lair:5   | You add the spells Stone Arrow and Lehudib's Crystal Spear
                  | to your library.
 17559 | Lair:5   | Reached skill level 8 in Evocations
 17564 | Lair:5   | Reached skill level 16 in Spellcasting
 17659 | Lair:4   | HP: 13/88 [death yak (15)]
 18044 | Lair:5   | Learned a level 3 spell: Stone Arrow
 18106 | Lair:5   | Reached skill level 17 in Spellcasting
 18409 | Lair:5   | Reached skill level 1 in Poison Magic
 18433 | Lair:5   | Reached skill level 2 in Poison Magic
 18438 | Lair:5   | Reached skill level 3 in Poison Magic
 18591 | Lair:5   | Reached skill level 4 in Poison Magic
 18866 | Lair:5   | Reached skill level 5 in Poison Magic
 18887 | Lair:5   | Reached skill level 6 in Poison Magic
 19187 | Lair:5   | Reached skill level 3 in Hexes
 19318 | Lair:5   | Reached skill level 4 in Hexes
 19450 | Lair:5   | Reached skill level 5 in Hexes
 19966 | Lair:5   | Reached skill level 6 in Hexes
 20048 | Lair:5   | You pick up a book of the Spheres and begin reading...
 20048 | Lair:5   | You add the spells Iskenderun's Battlesphere, Fireball,
                  | Conjure Ball Lightning and Orb of Destruction to your
                  | library.
 20274 | D:11     | magus.rc [v1.9.6]
 20349 | Orc:1    | Entered Level 1 of the Orcish Mines
 20365 | Orc:1    | Reached skill level 10 in Necromancy
 20615 | Orc:2    | Entered Level 2 of the Orcish Mines
 20653 | Orc:2    | Reached XP level 15. HP: 53/92 MP: 36/38
 20657 | Orc:2    | Found Nemuoryco's Needful Niceties.
 20981 | Orc:2    | Found a staircase to the Elven Halls.
 21043 | Orc:2    | Found Soheghu's Weapon Shoppe.
 21054 | Orc:2    | Reached skill level 11 in Necromancy
 21258 | Orc:2    | Reached skill level 12 in Necromancy
 21354 | Orc:2    | Found Zoaxusec's Distillery.
 21355 | Orc:2    | Found Jahos's Antique Weapon Shoppe.
 21359 | Orc:2    | Found Jiyqudgh's Jewellery Shop.
 21385 | Orc:2    | Bought a potion of magic for 144 gold pieces
 21393 | Orc:2    | Bought a +6 ring of intelligence for 540 gold pieces
 22194 | D:12     | Noticed Nessos
 22197 | D:12     | Nessos changed into Nessos the orb spider
 22197 | D:12     | Noticed Nessos
 22200 | D:12     | Killed Nessos the orb spider
 22201 | D:12     | Reached skill level 18 in Spellcasting
 23018 | D:13     | Found a shadowy altar of Dithmenos.
 24120 | D:13     | Reached skill level 19 in Spellcasting
 24213 | D:13     | Found a gate to the Vaults.
 24400 | D:14     | Identified the +8 orcbow of Plog {flame, rElec}
 24465 | D:14     | Reached skill level 20 in Spellcasting
 24523 | D:14     | Found Catsu's Antique Armour Shoppe.
 24682 | D:14     | Found a shimmering altar of Xom.
 24870 | D:14     | You pick up a book of Debilitation and begin reading...
 24994 | D:14     | Reached skill level 11 in Dodging
 25189 | D:15     | Entered Level 15 of the Dungeon
 25237 | D:15     | Found a runed translucent door.
 25238 | D:15     | Found a shimmering altar of Xom.
 25238 | D:15     | Noticed Ostrewetu's ghost (journeyman SpBr)
 25246 | D:15     | Identified the +1 chain mail "Vunup" {Int+4}
 25797 | D:15     | Reached skill level 12 in Dodging
 25865 | D:15     | Found a staircase to the Depths.
 26313 | Elf:1    | Entered Level 1 of the Elven Halls
 26319 | Elf:1    | Paralysed by an air elemental for 1 turns
 26323 | Elf:1    | Paralysed by an air elemental for 1 turns
 26324 | Elf:1    | HP: 21/92 [air elemental/stunning burst (15)]
 26332 | Orc:2    | Paralysed by an air elemental for 1 turns
 26332 | Orc:2    | HP: 22/92 [air elemental/stunning burst (2)]
 26341 | Orc:2    | Paralysed by an air elemental for 1 turns
 26343 | Orc:2    | HP: 16/92 [air elemental/stunning burst (12)]
 26591 | Elf:1    | Reached XP level 16. HP: 62/97 MP: 33/42
 26646 | Orc:2    | Bought a manual of Necromancy for 1200 gold pieces
 26686 | Orc:2    | magus.rc [v1.9.6]
 26834 | Snake:1  | Entered Level 1 of the Snake Pit
 27503 | Snake:1  | HP: 24/97 [naga sharpshooter/bolt (20)]
 27819 | Snake:1  | Reached skill level 1 in Armour
 27997 | Snake:1  | Identified the +3 dagger of the Realm of Zot {holy, Str+3}
 28216 | Snake:1  | Reached skill level 2 in Armour
 28216 | Snake:1  | Reached skill level 13 in Necromancy
 29066 | Snake:2  | Reached skill level 3 in Armour
 29154 | Snake:2  | Reached skill level 14 in Necromancy
 29380 | Snake:2  | Noticed Aizul
 29392 | Snake:2  | Killed Aizul
 29526 | Snake:2  | Reached skill level 4 in Armour
 29849 | Snake:2  | Reached skill level 15 in Necromancy
 29912 | Snake:2  | Your ally Aizul died
 29917 | Snake:2  | Reached skill level 13 in Dodging
 30145 | Snake:2  | Found Yshiq's Jewellery Shoppe.
 30145 | Snake:2  | Found Xehiarch's Book Boutique.
 30146 | Snake:2  | Found Fejeryna's Jewellery Shoppe.
 30235 | Snake:2  | You add the spells Volatile Blastmotes, Arcjolt and Summon
                  | Forest to your library.
 30235 | Snake:2  | Got the Vademecum on Lethal Wanderlust
 30331 | Snake:2  | Learned a level 8 spell: Infestation
 30613 | Snake:3  | Reached skill level 16 in Necromancy
 30729 | Snake:3  | magus.rc [v1.9.6]
 30806 | Snake:3  | Found Yhiumur's Book Emporium.
 30834 | Snake:3  | Reached skill level 17 in Necromancy
 30846 | Snake:3  | Reached skill level 14 in Dodging
 31137 | Snake:3  | Reached skill level 18 in Necromancy
 31484 | Snake:3  | Reached skill level 19 in Necromancy
 31574 | Snake:3  | Noticed Azrael
 31583 | Snake:3  | Killed Azrael
 31584 | Snake:3  | Reached XP level 17. HP: 102/102 MP: 29/43
 31734 | Snake:3  | You add the spells Ozocubu's Armour and Ozocubu's
                  | Refrigeration to your library.
 32169 | Snake:4  | Entered Level 4 of the Snake Pit
 32184 | Snake:4  | HP: 23/102 [anaconda[a naga ritualist] (6)]
 32187 | Snake:4  | Reached skill level 20 in Necromancy
 32531 | Snake:4  | Found Ydyacsul's Weapon Shoppe.
 32532 | Snake:4  | Found Hid Coca's Book Shoppe.
 32730 | Snake:4  | Reached skill level 21 in Necromancy
 32893 | Snake:4  | Found Nafos's Armour Shoppe.
 32895 | Snake:4  | Found Piunt's Armour Shoppe.
 33004 | Snake:4  | Reached skill level 11 in Fighting
 33066 | Snake:4  | Got a serpentine rune of Zot
 33387 | Snake:4  | Reached skill level 12 in Fighting
 33828 | Shoals:1 | Entered Level 1 of the Shoals
 34198 | Shoals:2 | You pick up a book of the Spheres and begin reading...
 34272 | Shoals:2 | Reached XP level 18. HP: 109/113 MP: 27/44
 34273 | Shoals:2 | Reached skill level 13 in Fighting
 34380 | Shoals:2 | Noticed Polyphemus
 34395 | Shoals:2 | Killed Polyphemus
 34420 | Shoals:2 | Found Uceypsag's Jewellery Shop.
 34956 | Shoals:1 | Identified a scroll of acquirement
 34957 | Shoals:1 | Acquired 421 gold pieces
 35138 | Snake:2  | Bought the ring of Xom's Recklessness {rElec rPois rN+
                  | Dex+4} for 745 gold pieces
 35894 | Shoals:1 | Identified the +4 short sword of Disarray {holy, +Blink
                  | rElec Int+5 Dex-4}
 35948 | Shoals:1 | Reached skill level 14 in Fighting
 36136 | Shoals:1 | Reached skill level 5 in Armour
 36186 | Shoals:1 | You add the spells Tukima's Dance and Inner Flame to your
                  | library.
 36186 | Shoals:1 | Got the Volume of the Curse
 36479 | Shoals:3 | Learned a level 8 spell: Borgnjor's Revivification
 36486 | Shoals:3 | magus.rc [v1.9.6]
 36743 | Shoals:3 | Reached skill level 6 in Armour
 36770 | Shoals:3 | Reached skill level 1 in Summonings
 36793 | Shoals:3 | Reached skill level 2 in Summonings
 36924 | Shoals:3 | Reached skill level 3 in Summonings
 37456 | Shoals:3 | Reached skill level 4 in Summonings
 37464 | Shoals:3 | Learned a level 7 spell: Haunt
 37661 | Shoals:4 | Entered Level 4 of the Shoals
 37697 | Shoals:4 | Reached skill level 5 in Summonings
 37697 | Shoals:4 | Noticed Ilsuiw
 38170 | Shoals:3 | Killed Ilsuiw
 38171 | Shoals:3 | Reached skill level 6 in Summonings
 39559 | Vaults:1 | Entered Level 1 of the Vaults
 39579 | Vaults:1 | Reached skill level 7 in Summonings
 39719 | Vaults:1 | Reached skill level 8 in Summonings
 39842 | Vaults:1 | Reached skill level 9 in Summonings
 39864 | Vaults:1 | Found a runed translucent door.
 39946 | Vaults:1 | Reached skill level 10 in Summonings
 39946 | Vaults:1 | Reached XP level 19. HP: 76/116 MP: 24/45
 40411 | Vaults:1 | Reached skill level 11 in Summonings
 40720 | Vaults:1 | You add the spells Vhi's Electric Charge and Silence to
                  | your library.
 40720 | Vaults:1 | Got the Lectures on Ozone and the Scorpion
 40907 | Vaults:1 | Reached skill level 12 in Summonings
 41780 | Vaults:1 | magus.rc [v1.9.6]
 42377 | Vaults:2 | Reached skill level 15 in Dodging
 42522 | Vaults:2 | Identified the +5 short sword of Zythroyka {venom, Fragile
                  | rElec rPois rN++}
 42755 | Vaults:2 | You pick up a book of Chaos and begin reading...
 42755 | Vaults:2 | You add the spells Disjunction and Discord to your library.
 42761 | Vaults:2 | Identified the +0 leather armour of Exclusion {Rampage
                  | Regen+ Int-3 Dex-5}
 42882 | Vaults:2 | Found Exinacw's Jewellery Shop.
 43205 | Vaults:2 | Identified the +5 arbalest of Blind Justice {penet, rPois
                  | Int+4}
 44727 | Snake:4  | Bought the +2 cloak "Mixixtorr" {rF+} for 427 gold pieces
 45021 | D:14     | Bought a pair of boots for 135 gold pieces
 45211 | Vaults:3 | Paralysed by a sphinx for 5 turns
 45215 | Vaults:3 | Reached skill level 15 in Fighting
 45215 | Vaults:3 | Reached skill level 16 in Dodging
 45285 | Vaults:3 | Reached XP level 20. HP: 84/124 MP: 18/46
 45879 | Vaults:3 | Reached skill level 17 in Dodging
 46448 | Vaults:3 | Found a huge runed gate.
 46448 | Vaults:3 | Found a huge runed gate.
 46448 | Vaults:3 | Found a huge runed gate.
 46448 | Vaults:3 | Found a huge runed gate.
 46448 | Vaults:3 | Found a huge runed gate.
 46448 | Vaults:3 | Found a huge runed gate.
 46449 | Vaults:3 | Found a huge runed gate.
 46450 | Vaults:3 | Found a huge runed gate.
 46450 | Vaults:3 | Found a huge runed gate.
 46452 | Vaults:3 | Found a huge runed gate.
 46452 | Vaults:3 | Found a huge runed gate.
 46452 | Vaults:3 | Found a huge runed gate.
 46452 | Vaults:3 | Found a huge runed gate.
 46452 | Vaults:3 | Found a huge runed gate.
 46453 | Vaults:3 | Found a huge runed gate.
 46454 | Vaults:3 | Found a huge runed gate.
 46455 | Vaults:3 | Found a huge runed gate.
 46456 | Vaults:3 | Found a huge runed gate.
 46464 | Vaults:3 | Found a huge runed gate.
 46464 | Vaults:3 | Found a huge runed gate.
 46464 | Vaults:3 | Found a huge runed gate.
 46464 | Vaults:3 | Found a huge runed gate.
 46464 | Vaults:3 | Found a huge runed gate.
 46464 | Vaults:3 | Found a huge runed gate.
 46465 | Vaults:3 | Found a huge runed gate.
 46466 | Vaults:3 | Found a huge runed gate.
 46467 | Vaults:3 | Found a huge runed gate.
 46475 | Vaults:3 | Found a huge runed gate.
 46475 | Vaults:3 | Found a huge runed gate.
 46475 | Vaults:3 | Found a huge runed gate.
 46475 | Vaults:3 | Found a huge runed gate.
 46475 | Vaults:3 | Found a huge runed gate.
 46475 | Vaults:3 | Found a huge runed gate.
 46476 | Vaults:3 | Found a huge runed gate.
 46477 | Vaults:3 | Found a huge runed gate.
 46478 | Vaults:3 | Found a huge runed gate.
 46529 | Vaults:3 | Found Anloew's Weapon Emporium.
 46589 | Vaults:3 | Found a staircase to the Crypt.
 46589 | Vaults:3 | Found an ancient bone altar of Kikubaaqudgha.
 46589 | Vaults:3 | Found a basalt altar of Yredelemnul.
 46941 | Vaults:3 | Reached skill level 16 in Fighting
 46943 | Vaults:3 | Reached skill level 18 in Dodging
 47138 | Vaults:4 | magus.rc [v1.9.6]
 47397 | Vaults:4 | Reached skill level 21 in Spellcasting
 47720 | Vaults:4 | HP: 13/126 [formless jellyfish (23)]
 48375 | Vaults:4 | Reached skill level 22 in Spellcasting
 49523 | Elf:1    | Found a radiant altar of Vehumet.
 49790 | Elf:1    | Reached XP level 21. HP: 132/132 MP: 27/49
 49805 | Elf:1    | Reached skill level 23 in Spellcasting
 49808 | Elf:1    | Identified the +6 short sword of Ivuifuer {speed, rPois}
 50256 | Elf:1    | Noticed Jorgrun
 50261 | Elf:1    | Killed Jorgrun
 50289 | Elf:1    | Paralysed by an air elemental for 1 turns
 51132 | Elf:2    | You pick up a book of Sloth and begin reading...
 51132 | Elf:2    | You add the spells Frozen Ramparts, Petrify and Metabolic
                  | Englaciation to your library.
 51386 | Elf:2    | Reached skill level 24 in Spellcasting
 51653 | Elf:2    | Found a runed translucent gate.
 51654 | Elf:2    | Found a runed translucent gate.
 51654 | Elf:2    | Found a runed translucent gate.
 51844 | Elf:3    | Entered Level 3 of the Elven Halls
 51936 | Elf:3    | Paralysed by an air elemental for 1 turns
 52236 | Elf:3    | You pick up a book of the Hunter and begin reading...
 52292 | Elf:3    | Found a frozen archway.
 52358 | IceCv    | Entered an ice cave
 52565 | IceCv    | Reached skill level 25 in Spellcasting
 52881 | IceCv    | Found a viscous altar of Jiyva.
 52920 | IceCv    | Identified the ring "Niask" {Ice rElec Dex+2}
 53098 | Elf:3    | Paralysed by an air elemental for 1 turns
 53299 | Elf:3    | Identified the +5 dire flail "Ciuju" {venom, Str+5}
 53311 | Elf:3    | Identified the ring of Carphudoo {*Slow rC+ rN+ SInv}
 53317 | Elf:3    | Reached skill level 26 in Spellcasting
 53322 | Elf:3    | Identified the ring "Haed Hogho" {Fire +Blink Int+4}
 53515 | Elf:3    | Identified the +6 flail of Ambiguity {heavy, rC+ Dex+2}
 53515 | Elf:3    | Identified the +0 buckler of Eternal Night {Rampage rElec}
 53515 | Elf:3    | Identified the ring "Roheymno" {Wiz *Slow rF+ Will+ Dex+5}
 53763 | Elf:3    | You pick up a book of Necromancy and begin reading...
 53768 | Elf:3    | Found the +3 warlock's mirror {omnireflect}
 53769 | Elf:3    | Found the +5 robe of Night {Dark Will+ SInv}
 53773 | Elf:3    | Got Sif Muna's Directory of the Ensnaring Scorpion
 53774 | Elf:3    | Identified the +9 short sword of Honour {heavy, Dex+7}
 53779 | Elf:3    | Identified the staff "Veymogue" {Contam rPois rN++ Poison}
 53810 | Elf:3    | Identified the ring of Safiwaos {rElec rC+ Will+ Slay-2}
 53818 | Elf:3    | You pick up a book of Hexes and begin reading...
 53818 | Elf:3    | You add the spells Cause Fear and Enfeeble to your library.
 53917 | Elf:3    | Noticed Nikola
 53930 | Elf:3    | Killed Nikola
 54988 | Depths:1 | Entered Level 1 of the Depths
 54990 | Depths:1 | Found a hide-covered altar of Uskayaw.
 54993 | Depths:1 | You pick up a book of the Warp and begin reading...
 55085 | Depths:1 | Reached skill level 27 in Spellcasting
 55096 | Depths:1 | Reached XP level 22. HP: 116/137 MP: 20/55
 55313 | Depths:1 | Found Pain Qimal's Armour Shoppe.
 55337 | Depths:1 | Found a gateway to Hell.
 56404 | Depths:2 | an acid blob changed into a caustic shrike
 56404 | Depths:2 | Noticed a caustic shrike (glowing shapeshifter)
 56405 | Depths:2 | Killed a caustic shrike
 56505 | Depths:2 | Noticed Asterion
 56748 | Depths:2 | Noticed Mara
 56752 | Depths:2 | Killed Mara
 56818 | Depths:2 | Found Bocof's Assorted Antiques.
 56824 | Depths:2 | Bought a potion of mutation for 168 gold pieces
 56825 | Depths:2 | Gained mutation: Your mind is acute. (Int +4, Str/Dex -1)
                  | [potion of mutation]
 56825 | Depths:2 | Gained mutation: Your skin changes colour to match your
                  | surroundings (Stealth+). [potion of mutation]
 56833 | Depths:2 | Learned a level 6 spell: Dispersal
 56849 | Depths:2 | Killed Asterion
 56863 | Depths:2 | Reached skill level 17 in Fighting
 56863 | Depths:2 | Reached skill level 19 in Dodging
 56992 | Depths:2 | Identified the +1 pair of boots of the Rhinotaur {rPois rF-
                  | Will+ Str+4}
 57346 | Depths:2 | Found a one-way gate leading to the halls of Pandemonium.
 57979 | Depths:3 | Found a one-way gateway to a ziggurat.
 59359 | Depths:4 | Entered Level 4 of the Depths
 59431 | Depths:4 | Found Wourchie's General Store.
 59433 | Depths:4 | Found Vefogum's Antique Weapon Shoppe.
 59441 | Depths:4 | Found Qesauloa's Book Emporium.
 59449 | Depths:4 | Reached skill level 20 in Dodging
 59455 | Depths:4 | Bought a book of the Earth for 756 gold pieces
 59455 | Depths:4 | You pick up a book of the Earth and begin reading...
 59983 | Depths:4 | Reached skill level 18 in Fighting
 60079 | Depths:4 | Reached skill level 1 in Translocations
 60088 | Depths:4 | Reached skill level 2 in Translocations
 60346 | Depths:4 | You pick up a book of Sloth and begin reading...
 60378 | Depths:4 | Reached skill level 3 in Translocations
 60960 | Depths:4 | Reached skill level 4 in Translocations
 61078 | Depths:4 | Noticed a golden dragon
 61092 | Depths:4 | Killed a golden dragon
 61097 | Depths:4 | Reached skill level 5 in Translocations
 61097 | Depths:4 | Reached XP level 23. HP: 48/147 MP: 34/56
 61341 | Depths:4 | Found a gate to the Realm of Zot.
 61820 | Lair:5   | magus.rc [v1.9.6]
 61825 | Slime:1  | Entered Level 1 of the Pits of Slime
 61839 | Slime:1  | Upgraded the game from 0.31-a0-640-g39d97e502b to
                  | 0.31-a0-654-gbe3e110b4e
 61839 | Slime:1  | magus.rc [v1.9.6]
 61846 | Slime:1  | Reached skill level 6 in Translocations
 62023 | Slime:3  | Reached skill level 7 in Translocations
 62344 | Orc:2    | Bought the ring "Sewnaoz" {rCorr MP+9} for 489 gold pieces
 62624 | Slime:4  | Found a viscous altar of Jiyva.
 62680 | Slime:4  | Reached skill level 8 in Translocations
 62680 | Slime:4  | Reached skill level 4 in Conjurations
 62688 | Slime:4  | Learned a level 7 spell: Enfeeble
 62690 | Slime:5  | Entered Level 5 of the Pits of Slime
 62736 | Slime:5  | Reached skill level 7 in Hexes
 62765 | Slime:5  | Reached skill level 8 in Hexes
 62766 | Slime:5  | Noticed the Royal Jelly
 62788 | Slime:5  | Reached skill level 9 in Hexes
 63059 | Slime:5  | Reached skill level 10 in Hexes
 63096 | Slime:5  | Found a viscous altar of Jiyva.
 63104 | Slime:5  | Reached skill level 11 in Hexes
 63548 | Slime:5  | Learned a level 8 spell: Discord
 63554 | Slime:5  | Learned a level 5 spell: Summon Forest
 63775 | Slime:5  | Killed the Royal Jelly
 63776 | Slime:5  | Reached skill level 12 in Hexes
 64498 | Slime:5  | Identified the +7 flail of Actus Reus {antimagic, rElec
                  | rN+++ Str+2 Dex-5}
 64502 | Slime:5  | Got the Compendium of Supportive Frost
 64512 | Slime:5  | You pick up a book of Winter and begin reading...
 64522 | Slime:5  | Identified the +8 short sword "Imorr" {venom, Will+ Str+5
                  | Dex-2}
 64526 | Slime:5  | You pick up a book of Sloth and begin reading...
 64549 | Slime:5  | Identified the ring "Zijienn" {rF+ EV+5 Str+4}
 64554 | Slime:5  | You pick up a book of Callings and begin reading...
 64556 | Slime:5  | Got a slimy rune of Zot
 64566 | Slime:5  | Identified the +0 lajatang of the Candle {elec, Int+2}
 64572 | Slime:5  | You pick up a book of Winter and begin reading...
 64589 | Slime:5  | Got the Directory of Limned Formation
 64617 | Slime:5  | Identified the amulet of Xom's Wantonness {Acrobat rPois
                  | rF- rC++ Regen+}
 64621 | Slime:5  | You pick up a book of Fire and begin reading...
 64621 | Slime:5  | You add the spells Plasma Beam and Starburst to your
                  | library.
 64624 | Slime:5  | Identified the +1 robe of the Bulwark {Str-4 Int+5}
 64632 | Slime:5  | You pick up a book of the Wilderness and begin reading...
 64632 | Slime:5  | You add the spells Summon Mana Viper and Summon Cactus
                  | Giant to your library.
 64646 | Slime:5  | You pick up a book of Power and begin reading...
 64989 | Shoals:4 | Reached skill level 13 in Hexes
 65589 | Shoals:4 | Got a barnacled rune of Zot
 66026 | Shoals:4 | Got Sior's Atlas of Necromantic Liturgies and the Evil Eye
 66155 | Shoals:4 | You pick up a book of the Warp and begin reading...
 66207 | Shoals:4 | Reached skill level 14 in Hexes
 66769 | Zot:1    | Entered Level 1 of the Realm of Zot
 66899 | Zot:1    | magus.rc [v1.9.6]
 66976 | Zot:1    | You pick up a book of Armaments and begin reading...
 67051 | Zot:2    | Noticed a Killer Klown
 67130 | Zot:2    | Killed a Killer Klown
 67177 | Zot:2    | Reached skill level 15 in Hexes
 67277 | Zot:2    | Found the +4 dragonskin cloak
 67277 | Zot:2    | Noticed Tiamat
 67277 | Zot:2    | Tiamat, Avatar of the Dragonlord comes into view. She is
                  | wielding a +0 antimagic glaive and wearing the +4
                  | dragonskin cloak.
 67278 | Zot:2    | Here: Tiamat, wielding a +0 antimagic glaive, wearing the
                  | +4 dragonskin cloak and wearing an amulet of magic
                  | regeneration (lightly wounded)
 67278 | Zot:2    | Aim: Tiamat, wielding a +0 antimagic glaive, wearing the +4
                  | dragonskin cloak and wearing an amulet of magic
                  | regeneration (lightly wounded, will inflict weakness,
                  | chance to daze and blind: 37%)
 67278 | Zot:2    | Aim: Tiamat, wielding a +0 antimagic glaive, wearing the +4
                  | dragonskin cloak and wearing an amulet of magic
                  | regeneration (lightly wounded, will inflict weakness,
                  | chance to daze and blind: 37%)
 67279 | Zot:2    | Aim: Tiamat, wielding a +0 antimagic glaive, wearing the +4
                  | dragonskin cloak and wearing an amulet of magic
                  | regeneration (lightly wounded, catching her breath, weak)
 67279 | Zot:2    | Aim: Tiamat, wielding a +0 antimagic glaive, wearing the +4
                  | dragonskin cloak and wearing an amulet of magic
                  | regeneration (lightly wounded, catching her breath, weak)
 67281 | Zot:2    | Aim: Tiamat, wielding a +0 antimagic glaive, wearing the +4
                  | dragonskin cloak and wearing an amulet of magic
                  | regeneration (lightly wounded, catching her breath, weak,
                  | ally target)
 67281 | Zot:2    | Aim: Tiamat, wielding a +0 antimagic glaive, wearing the +4
                  | dragonskin cloak and wearing an amulet of magic
                  | regeneration (lightly wounded, catching her breath, weak,
                  | ally target)
 67284 | Zot:2    | Aim: Tiamat, wielding a +0 antimagic glaive, wearing the +4
                  | dragonskin cloak and wearing an amulet of magic
                  | regeneration (lightly wounded, infested, weak, ally target,
                  | 100% to hit)
 67284 | Zot:2    | Aim: Tiamat, wielding a +0 antimagic glaive, wearing the +4
                  | dragonskin cloak and wearing an amulet of magic
                  | regeneration (lightly wounded, infested, weak, ally target,
                  | 100% to hit)
 67286 | Zot:2    | Aim: Tiamat, wielding a +0 antimagic glaive, wearing the +4
                  | dragonskin cloak and wearing an amulet of magic
                  | regeneration (moderately wounded, infested, slow,
                  | constricted by zombie hands, weak, ally target)
 67294 | Zot:2    | Aim: Tiamat, wielding a +0 antimagic glaive, wearing the +4
                  | dragonskin cloak and wearing an amulet of magic
                  | regeneration (severely wounded, not watching you, infested,
                  | slow, constricted by zombie hands, ally target)
 67295 | Zot:2    | Aim: Tiamat, wielding a +0 antimagic glaive, wearing the +4
                  | dragonskin cloak and wearing an amulet of magic
                  | regeneration (severely wounded, not watching you, infested,
                  | slow, catching her breath, ally target, 100% to hit)
 67295 | Zot:2    | Aim: Tiamat, wielding a +0 antimagic glaive, wearing the +4
                  | dragonskin cloak and wearing an amulet of magic
                  | regeneration (severely wounded, not watching you, infested,
                  | slow, catching her breath, ally target, 100% to hit)
 67297 | Zot:2    | Killed Tiamat
 67298 | Zot:2    | Reached skill level 16 in Hexes
 67639 | Zot:2    | Noticed a curse toe
 67639 | Zot:2    | Noticed Vv
 68056 | Zot:2    | Noticed a curse toe
 68719 | Zot:2    | Noticed a curse toe
 68741 | Zot:2    | Killed a curse toe
 68934 | Zot:2    | Killed Vv
 69257 | Zot:2    | Killed a curse toe
 69258 | Zot:2    | Reached skill level 17 in Hexes
 69258 | Zot:2    | Reached skill level 4 in Air Magic
 69385 | Zot:2    | Reached XP level 24. HP: 152/152 MP: 51/56
 69396 | Zot:2    | Noticed a curse toe
 69407 | Zot:2    | Killed a curse toe
 69785 | Zot:2    | Killed a curse toe
 69788 | Zot:2    | Gained mutation: You are frail. (-10% HP) [a shining eye]
 69793 | Zot:2    | Lost mutation: You are frail. (-10% HP) [potion of
                  | mutation]
 69793 | Zot:2    | Lost mutation: Your skin changes colour to match your
                  | surroundings (Stealth+). [potion of mutation]
 69793 | Zot:2    | Lost mutation: Your mind is acute. (Int +4, Str/Dex -1)
                  | [potion of mutation]
 69793 | Zot:2    | Gained mutation: You are strong-willed. (Will+) [potion of
                  | mutation]
 69793 | Zot:2    | Gained mutation: You are clumsy. (Dex -2) [potion of
                  | mutation]
 70056 | Zot:3    | Noticed a curse toe
 70058 | Zot:3    | Identified +7 gold dragon scales
 70058 | Zot:3    | Noticed Parghit
 70109 | Zot:3    | Noticed an electric golem
 70197 | Zot:4    | +0 storm dragon scales {rare}; a storm dragon corpse
 70222 | Zot:4    | Reached skill level 22 in Necromancy
 70703 | Zot:3    | Killed a curse toe
 70802 | Zot:5    | Entered Level 5 of the Realm of Zot
 70940 | Zot:5    | Reached skill level 23 in Necromancy
 71501 | Zot:5    | magus.rc [v1.9.6]
 71511 | Zot:5    | Learned a level 9 spell: Death's Door
 71540 | Zot:5    | Noticed an electric golem
 71541 | Zot:5    | Noticed a Killer Klown
 71542 | Zot:5    | Noticed an orb of fire
 71544 | Zot:5    | Noticed an orb of fire
 71544 | Zot:5    | Noticed an orb of fire
 71546 | Zot:5    | Reached skill level 24 in Necromancy
 71547 | Zot:5    | Killed a Killer Klown
 71547 | Zot:5    | Noticed an ancient lich
 71552 | Zot:5    | Killed an orb of fire
 71552 | Zot:5    | Killed an orb of fire
 71555 | Zot:5    | Killed an ancient lich
 71556 | Zot:5    | Noticed an orb of fire
 71661 | Zot:5    | Noticed a Killer Klown
 71662 | Zot:5    | Noticed a dread lich
 71663 | Zot:5    | Noticed a Killer Klown
 71665 | Zot:5    | Noticed an orb of fire
 71672 | Zot:5    | Noticed an orb of fire
 71677 | Zot:5    | Noticed a dread lich
 71679 | Zot:5    | Killed a Killer Klown
 71682 | Zot:5    | Killed a dread lich
 71683 | Zot:5    | Reached skill level 25 in Necromancy
 71685 | Zot:5    | Killed a dread lich
 71696 | Zot:5    | Gained mutation: You are weak. (Str -2) [an orb of fire]
 71711 | Zot:5    | Noticed an electric golem
 71725 | Zot:5    | Noticed an orb of fire
 71725 | Zot:5    | Noticed a Killer Klown
 71846 | Zot:5    | Gained mutation: You are very weak. (Str -4) [an orb of
                  | fire]
 71853 | Zot:5    | Noticed an ancient lich
 71865 | Zot:5    | HP: 15/145 [orb of fire/bolt of fire (49)]
 71865 | Zot:5    | Killed from afar by an orb of fire

Vanquished Creatures
  the Royal Jelly (Slime:5)
  A dread lich (Zot:5)
  2 curse toes (Zot:2)
  A golden dragon (Depths:4)
  A bone dragon (Depths:4)
  2 tentacled monstrosities
  7 Orb Guardians (Zot:5)
  2 sphinxes (Vaults:3)
  6 acid blobs
  Gastronok (Lair:2)
  4 death cobs
  3 shadow dragons
  A storm dragon (Zot:4)
  3 tengu reavers
  3 nagarajas
  3 azure jellies (Slime:5)
  2 fire giants (Depths:2)
  7 vault wardens
  A frost giant (Vaults:2)
  3 deep elf sorcerers (Elf:3)
  4 quicksilver oozes (Slime:5)
  A draconian shifter (Zot:1)
  6 ironbound preservers
  A spriggan defender (Depths:2)
  A formless jellyfish (Vaults:4)
  A war gargoyle (Vaults:3)
  3 ironbound thunderhulks
  7 very ugly things
  2 stone giants
  3 vampire knights
  2 deep elf demonologists
  2 yellow draconians (Zot:5)
  5 spark wasps
  2 red draconians
  Azrael (Snake:3)
  A deep elf annihilator (Vaults:3)
  4 black draconians
  Snorg (Lair:4)
  A crystal guardian (Vaults:3)
  An acid blob zombie (Slime:5)
  3 fire dragons
  4 merfolk impalers
  A merfolk javelineer (Shoals:4)
  6 yaktaur captains
  9 great orbs of eyes
  A deep elf high priest (Elf:3)
  An entropy weaver (Vaults:3)
  Harold (Lair:1)
  8 vault guards
  A peacekeeper (Vaults:2)
  A hydra (shapeshifter) (Elf:1)
  A salamander tyrant (Snake:4)
  2 ice dragons
  11 centaur warriors
  5 hydras
  A catoblepas (Lair:2)
  2 boulder beetles
  9 death yaks
  3 ironbound frosthearts
  3 two-headed ogres
  A merfolk avatar (Shoals:3)
  4 anacondas
  2 merfolk aquamancers
  12 naga warriors
  3 tengu warriors
  A satyr (Shoals:1)
  A deep troll shaman (Depths:2)
  3 orc high priests (Orc:2)
  4 spriggan berserkers
  12 dancing weapons
  2 shock serpents
  6 naga sharpshooters
  7 deep elf knights
  2 spriggans (Depths:4)
  Nergalle (Lair:2)
  3 skysharks
  Amaemon (D:11)
  An iron troll (Depths:2)
  3 sea snakes
  16 deep trolls
  2 salamander mystics
  An orange crystal statue (Zot:5)
  2 naga ritualists
  A swamp dragon (Lair:5)
  2 spriggan riders
  5 deep elf archers
  6 wizards
  6 orc knights
  9 ironbound convokers
  13 deep elf pyromancers
  An orb spider (D:12)
  5 lindwurms
  14 deep elf zephyrmancers
  2 phantasmal warriors
  7 mana vipers
  An oklob plant (Lair:2)
  11 manticores
  2 wolf spiders
  6 cyclopes
  A shining eye (Slime:5)
  5 orc sorcerers
  14 ugly things
  8 salamanders
  4 fauns (Shoals:1)
  3 moths of wrath
  4 merfolk sirens
  26 black mambas
  16 naga magi
  4 vault sentinels
  6 elephants (Lair:5)
  3 guardian serpents
  7 cane toads
  A gargoyle (D:11)
  5 rime drakes
  A yaktaur (Vaults:2)
  A hellion (Depths:2)
  An ice devil (Depths:2)
  An orange demon (D:11)
  2 freezing wraiths
  8 komodo dragons
  An efreet (D:13)
  4 trolls
  A meliai (shapeshifter) (D:13)
  A queen bee (Lair:3)
  Prince Ribbit (D:8)
  2 wind drakes
  9 merfolk
  2 hornets
  9 polar bears (Lair:5)
  3 raiju (Lair:5)
  2 snapping turtles
  7 blink frogs
  19 slime creatures
  An air elemental (Elf:1)
  A ynoxinul (Depths:2)
  2 shadows
  15 water elementals
  A nameless horror (Elf:3)
  6 wraiths
  23 yaks
  A vampire (D:12)
  4 humans (D:13)
  A yak (shapeshifter) (D:13)
  6 fire elementals
  9 basilisks
  3 wyverns
  2 fire bats (Lair:4)
  6 golden eyes (Zot:2)
  3 vampire mosquitoes (D:13)
  2 chaos spawn (Depths:2)
  3 steam dragons
  A redback (shapeshifter) (Vaults:3)
  6 wargs
  13 hell hounds
  5 acid dragons
  32 nagas
  13 water moccasins
  2 floating eyes (Zot:2)
  A swamp drake (Lair:5)
  13 orc warriors
  A black bear (shapeshifter) (D:15)
  9 black bears (Lair:5)
  3 ogres (Orc:1)
  3 ice beasts (D:11)
  3 sky beasts
  6 boggarts
  24 wolves
  A centaur (D:5)
  A slime creature simulacrum (IceCv)
  3 kobold brigands
  16 bullfrogs
  An earth elemental (Elf:3)
  2 glowing shapeshifter simulacra (IceCv)
  3 scorpions
  6 water moccasin zombies (Ossuary)
  10 wights
  38 killer bees
  A jelly (D:6)
  6 hounds
  3 gnoll boudas
  11 orc priests
  5 iguanas
  A sleepcap (D:6)
  17 orc wizards
  2 mummies (Ossuary)
  Robin (D:2)
  13 gnolls
  9 adders
  A river rat (Lair:3)
  3 white imps
  An ufetubus (D:6)
  4 adder zombies (Ossuary)
  2 dart slugs
  47 orcs
  6 endoplasms
  4 giant cockroaches
  4 gnoll zombies (Ossuary)
  14 goblins
  6 hobgoblins
  4 jackals
  5 quokkas
  8 ball pythons
  4 bats
  3 frilled lizards
  5 hobgoblin zombies (Ossuary)
  12 kobolds
  5 kobold zombies (Ossuary)
  5 orc zombies (Ossuary)
  5 rats (D:1)
1061 creatures vanquished.

Vanquished Creatures (collateral kills)
  Tiamat (Zot:2)
  A dread lich (Zot:5)
  An ancient lich (Zot:5)
  2 orbs of fire (Zot:5)
  Mara (Depths:2)
  Vv (Zot:2)
  3 Killer Klowns
  3 curse toes
  Nikola (Elf:3)
  A caustic shrike (shapeshifter) (Depths:2)
  4 bone dragons (Zot:2)
  6 tentacled monstrosities
  Jorgrun (Elf:1)
  6 Orb Guardians (Zot:5)
  Asterion (Depths:2)
  A titan (Depths:2)
  2 deep elf blademasters (Elf:3)
  2 deep elf master archers (Elf:3)
  A lich (Depths:2)
  29 acid blobs
  4 sphinxes
  A quicksilver dragon (Depths:4)
  5 death cobs
  5 shadow dragons
  23 azure jellies
  A tengu reaver (Depths:2)
  3 nagarajas (Snake:4)
  Kirke (Lair:4)
  Aizul (Snake:2)
  6 storm dragons
  A draconian monk (Zot:5)
  Ilsuiw (Shoals:3)
  14 rockslimes
  3 fire giants
  A draconian scorcher (Depths:4)
  3 deep elf sorcerers (Elf:3)
  2 draconian knights
  8 vault wardens
  A draconian shifter (Zot:2)
  5 frost giants
  An iron dragon (Depths:2)
  2 draconian stormcallers
  3 deep elf elementalists (Elf:3)
  19 quicksilver oozes
  5 draconian annihilators
  2 orc warlords
  2 spriggan defenders (Depths:2)
  6 very ugly things
  7 ironbound preservers
  3 war gargoyles
  7 formless jellyfish
  6 ironbound thunderhulks
  4 green draconians
  2 vampire knights (Depths:1)
  7 stone giants
  3 deep elf demonologists (Elf:3)
  12 dire elephants
  5 deep elf annihilators (Elf:3)
  8 black draconians
  2 eleionomae (Shoals:1)
  8 purple draconians
  4 yellow draconians
  2 spark wasps
  6 red draconians
  3 white draconians
  A deep elf death mage (Elf:3)
  A crystal guardian (Vaults:3)
  3 deep elf high priests (Elf:3)
  8 ettins
  5 merfolk javelineers (Shoals:4)
  9 merfolk impalers
  9 yaktaur captains
  4 fire dragons
  An entropy weaver (Vaults:3)
  6 great orbs of eyes
  5 vault guards
  3 salamander tyrants (Snake:4)
  3 rakshasas
  A peacekeeper (Vaults:3)
  2 spriggan air magi
  6 ice dragons
  3 ironbound frosthearts
  An alligator snapping turtle (Shoals:4)
  A hydra (D:14)
  9 centaur warriors
  9 anacondas
  A catoblepas (Shoals:2)
  2 merfolk avatars
  5 merfolk aquamancers
  2 deep troll shamans
  4 satyrs
  2 death knights
  A radroach (shapeshifter) (Depths:2)
  7 dancing weapons
  11 death yaks
  10 naga warriors
  8 naga sharpshooters
  4 tengu warriors
  3 deep troll earth magi
  A vampire mage (Depths:3)
  5 spriggan berserkers
  3 deep elf knights
  2 shock serpents
  A salamander mystic (Snake:4)
  A sea snake (shapeshifter) (D:14)
  4 glowing orange brains
  2 spriggan riders
  22 deep trolls
  3 iron trolls (Depths:1)
  6 sea snakes
  A flayed ghost (Depths:2)
  2 orange crystal statues (IceCv)
  6 naga ritualists
  An orb spider (shapeshifter) (Depths:4)
  5 wizards
  2 phantasmal warriors (Depths:1)
  A necromancer (Vaults:1)
  17 ironbound convokers
  9 orc knights
  17 deep elf zephyrmancers
  20 harpies
  24 ugly things
  3 deep elf archers (Elf:2)
  9 deep elf pyromancers
  6 lindwurms
  A stone giant zombie (Vaults:1)
  10 mana vipers
  3 cyclopes
  3 shining eyes
  3 manticores (Shoals:4)
  6 salamanders
  18 fauns
  7 elephants (Lair:5)
  6 moths of wrath
  2 guardian serpents (Snake:4)
  8 merfolk sirens
  62 slime creatures
  13 vault sentinels
  9 water nymphs
  14 black mambas
  10 naga magi
  7 cane toads
  A rime drake (Lair:3)
  A freezing wraith (D:14)
  3 komodo dragons
  3 tengu conjurers
  12 yaktaurs
  A human skeleton (Vaults:1)
  4 wind drakes
  A polar bear (Lair:4)
  18 merfolk
  3 hornets
  A dream sheep (shapeshifter) (Vaults:2)
  A raiju (Lair:5)
  An ettin zombie (Vaults:1)
  8 blink frogs
  5 snapping turtles
  A slime creature (shapeshifter) (Depths:2)
  A culicivora (shapeshifter) (D:14)
  A jumping spider (shapeshifter) (D:14)
  3 air elementals
  2 vampires
  2 spriggans (Depths:2)
  A wyvern (Lair:3)
  2 fire bats (Lair:4)
  19 water elementals
  14 yaks
  2 fire elementals
  3 humans (D:13)
  2 basilisks
  A steam dragon (D:9)
  A redback simulacrum (D:14)
  33 nagas
  An acid dragon (Lair:5)
  A warg (Lair:5)
  2 hell hounds
  7 water moccasins
  A floating eye (Zot:2)
  6 orc warriors
  2 swamp drakes (Lair:5)
  2 ice beasts (D:11)
  2 black bears (Lair:5)
  2 boggarts
  4 great orb of eyes simulacra (IceCv)
  An ogre (Orc:2)
  20 wolves
  3 centaurs (Shoals:1)
  6 slime creature simulacra (IceCv)
  An earth elemental (Elf:1)
  3 glowing shapeshifter simulacra (IceCv)
  2 wights (D:9)
  9 killer bees
  An electric eel (Elf:3)
  An orc priest (D:9)
  2 iguanas (Lair:5)
  3 orc wizards
  A gnoll (D:9)
  5 orcs
  A kobold (D:8)
  A goblin (D:14)
1032 creatures vanquished.

Vanquished Creatures (others)
  A golden dragon (Zot:5)
  5 quicksilver dragons
  13 acid blobs
  Polyphemus (Shoals:2)
  A draconian monk (Zot:5)
  A shadow dragon (Zot:5)
  2 storm dragons (Zot:5)
  5 rockslimes
  2 draconian knights
  3 azure jellies
  6 vault wardens
  A nagaraja (Snake:2)
  A fire giant (Depths:4)
  A draconian shifter (Zot:5)
  A frost giant (Depths:2)
  2 ghost moths (Zot:5)
  2 quicksilver oozes (Slime:5)
  A draconian annihilator (Zot:3)
  A formless jellyfish (Slime:5)
  An ironbound thunderhulk (Vaults:1)
  4 stone giants
  2 ironbound preservers (Vaults:3)
  2 white draconians (Zot:5)
  A green draconian (Zot:2)
  3 black draconians
  A purple draconian (Zot:5)
  2 yellow draconians
  3 merfolk javelineers
  6 ettins
  3 fire dragons
  3 acid blob zombies (Slime:5)
  A merfolk impaler (Shoals:1)
  3 yaktaur captains
  A hydra (Lair:4)
  A spriggan air mage (Depths:2)
  2 ice dragons (Depths:4)
  2 Orb Guardian zombies (Zot:5)
  2 anacondas
  An alligator snapping turtle (Shoals:1)
  5 centaur warriors
  3 merfolk aquamancers
  4 naga warriors
  2 boulder beetles
  An azure jelly zombie (Slime:5)
  2 guardian serpent zombies
  A deep troll shaman (Depths:2)
  3 tengu warriors
  3 quicksilver ooze zombies
  3 deep troll earth magi
  A shock serpent (Snake:4)
  A naga sharpshooter (Snake:3)
  A deep elf knight (Elf:3)
  A hell knight (Vaults:1)
  A salamander mystic (Snake:4)
  3 skysharks
  6 anaconda zombies
  3 sea snakes
  4 harpies
  3 deep elf archers (Elf:3)
  A wizard (Vaults:1)
  3 ironbound convokers (Vaults:3)
  5 naga ritualists
  3 deep elf pyromancers
  7 ugly thing zombies
  A mana viper (Snake:3)
  2 frost giant zombies
  3 cyclopes
  2 salamanders (Snake:4)
  5 manticores
  A water nymph (Shoals:2)
  2 fauns (Shoals:4)
  A formless jellyfish zombie (Slime:5)
  2 elephants (Lair:5)
  A guardian serpent (Snake:3)
  6 merfolk sirens
  9 black mambas
  10 moths of wrath
  A shock serpent zombie (Snake:2)
  3 naga magi
  An eye of devastation (shapeshifter) (Depths:4)
  3 vault sentinels
  An alligator snapping turtle zombie (Shoals:4)
  3 cane toads
  A kobold demonologist (D:11)
  A sea snake zombie (D:14)
  A spriggan zombie (Depths:2)
  3 komodo dragons
  2 yaktaurs
  8 mana viper zombies
  4 harpy zombies (Shoals:2)
  A polar bear (Lair:5)
  13 merfolk
  A jumping spider zombie (D:14)
  4 wind drakes
  A fire dragon zombie (Depths:1)
  A dream sheep (shapeshifter) (Vaults:3)
  A culicivora zombie (D:13)
  2 blink frogs (Lair:4)
  5 snapping turtles
  A hydra zombie (Lair:5)
  A great orb of eyes zombie (Vaults:4)
  A boulder beetle zombie (D:14)
  15 slime creatures (Slime:5)
  A culicivora (shapeshifter) (D:13)
  19 black mamba zombies
  2 yaks
  4 slime creature zombies
  2 basilisks (Lair:5)
  A human (D:13)
  A redback (shapeshifter) (Vaults:3)
  9 nagas
  A faun zombie (Shoals:1)
  8 merfolk zombies
  An acid dragon (D:11)
  2 cane toad zombies
  4 water moccasins
  2 two-headed ogre zombies
  5 orc warriors (Orc:2)
  A manticore zombie (D:15)
  A snapping turtle zombie (Shoals:4)
  A sky beast (D:13)
  An ogre (Orc:2)
  2 wolves (Lair:5)
  4 elephant zombies (Lair:5)
  6 blink frog zombies
  A rime drake zombie (Lair:1)
  A nameless horror (Depths:4)
  A gnoll sergeant (D:15)
  5 salamander zombies
  7 hell hound zombies (Lair:5)
  2 komodo dragon zombies
  A bullfrog (Lair:2)
  2 cyclops zombies
  8 water moccasin zombies
  3 warg zombies
  A raiju zombie (Lair:5)
  3 polar bear zombies (Lair:5)
  11 yak zombies
  16 wolf zombies
  2 bullfrog zombies (Lair:2)
  10 human zombies (D:13)
  2 kobold zombies
  7 black bear zombies
  3 basilisk zombies
  An orc priest (D:14)
  2 jellies
  An iguana (D:8)
  5 killer bee zombies
  32 naga zombies
  A sky beast zombie (D:13)
  An acid dragon zombie (D:11)
  2 ogre zombies
  An adder (D:14)
  2 jelly zombies
  An adder zombie (D:14)
  A dart slug (D:15)
  A hobgoblin (D:8)
  2 quokkas (D:15)
  A dart slug zombie (D:15)
  3 gnoll zombies
  A hobgoblin zombie (D:8)
  A kobold (D:15)
  26 orc zombies
  2 quokka zombies (D:15)
  A snaplasher vine (Zot:5)
540 creatures vanquished.

Grand Total: 2633 creatures vanquished

Table legend:
 A = Non-vault XP
 B = Vault XP
 C = Vault XP percentage of total XP
 D = Non-vault monster count
 E = Vault monster count
 F = Vault count percentage of total count
                 A         B        C        D         E       F
            +---------+---------+-------+---------+---------+-------
      Total |  655630 |  467130 |  41.6 |    1311 |     715 |  35.3
            +---------+---------+-------+---------+---------+-------
        D:1 |      44 |       0 |   0.0 |      27 |       0 |   0.0
        D:2 |      37 |      35 |  48.6 |      16 |      11 |  40.7
        D:3 |      20 |       0 |   0.0 |      10 |       0 |   0.0
        D:4 |     233 |       0 |   0.0 |      13 |       0 |   0.0
        D:5 |     499 |       0 |   0.0 |      19 |       0 |   0.0
        D:6 |     825 |       6 |   0.7 |      33 |       2 |   5.7
        D:7 |     816 |     147 |  15.3 |      10 |       5 |  33.3
        D:8 |    2380 |     291 |  10.9 |      14 |       1 |   6.7
        D:9 |    3852 |     347 |   8.3 |      38 |       8 |  17.4
       D:10 |    2255 |       0 |   0.0 |      16 |       0 |   0.0
       D:11 |    3170 |    2378 |  42.9 |       8 |      10 |  55.6
       D:12 |    4978 |     642 |  11.4 |      17 |       1 |   5.6
       D:13 |    5691 |    5069 |  47.1 |      14 |      12 |  46.2
       D:14 |   11036 |    1834 |  14.3 |      22 |       6 |  21.4
       D:15 |    5549 |    2653 |  32.3 |      10 |       3 |  23.1
     Lair:1 |    6695 |     873 |  11.5 |      29 |       1 |   3.3
     Lair:2 |   13485 |    2950 |  17.9 |      30 |       7 |  18.9
     Lair:3 |    6060 |    7981 |  56.8 |      15 |      55 |  78.6
     Lair:4 |    9676 |    2297 |  19.2 |      40 |       2 |   4.8
     Lair:5 |   16855 |   17378 |  50.8 |      50 |      73 |  59.3
   Shoals:1 |   12106 |   13127 |  52.0 |      23 |      24 |  51.1
   Shoals:2 |   16382 |    7292 |  30.8 |      34 |       9 |  20.9
   Shoals:3 |   15063 |    2406 |  13.8 |      34 |       3 |   8.1
   Shoals:4 |    2436 |   23625 |  90.7 |       7 |      39 |  84.8
    Snake:1 |   11050 |       0 |   0.0 |      27 |       0 |   0.0
    Snake:2 |   17425 |    3172 |  15.4 |      35 |       4 |  10.3
    Snake:3 |   29361 |    6630 |  18.4 |      58 |      14 |  19.4
    Snake:4 |   32750 |   21932 |  40.1 |      64 |      41 |  39.0
    Slime:1 |    5426 |       0 |   0.0 |       6 |       0 |   0.0
    Slime:3 |   10342 |       0 |   0.0 |      19 |       0 |   0.0
    Slime:4 |   10737 |       0 |   0.0 |      11 |       0 |   0.0
    Slime:5 |   19868 |   27978 |  58.5 |      31 |      19 |  38.0
      Orc:1 |    2618 |       0 |   0.0 |      23 |       0 |   0.0
      Orc:2 |    2824 |    8473 |  75.0 |      34 |      26 |  43.3
      Elf:1 |   16404 |   16327 |  49.9 |      27 |      23 |  46.0
      Elf:2 |   16355 |    3272 |  16.7 |      30 |       4 |  11.8
      Elf:3 |   12953 |   31172 |  70.6 |      25 |      29 |  53.7
   Vaults:1 |   43444 |   15374 |  26.1 |      58 |      21 |  26.6
   Vaults:2 |   26553 |   21160 |  44.3 |      36 |      27 |  42.9
   Vaults:3 |   35338 |   37613 |  51.6 |      50 |      40 |  44.4
   Vaults:4 |   30701 |   16897 |  35.5 |      47 |      22 |  31.9
   Depths:1 |   27003 |       0 |   0.0 |      34 |       0 |   0.0
   Depths:2 |   31897 |   25608 |  44.5 |      39 |      24 |  38.1
   Depths:3 |   28002 |    3324 |  10.6 |      29 |       5 |  14.7
   Depths:4 |   19784 |   17851 |  47.4 |      27 |      15 |  35.7
      Zot:1 |   15637 |       0 |   0.0 |      13 |       0 |   0.0
      Zot:2 |   10257 |   43067 |  80.8 |       7 |      34 |  82.9
      Zot:3 |   22625 |    3957 |  14.9 |      18 |       4 |  18.2
      Zot:4 |    7681 |       0 |   0.0 |       7 |       0 |   0.0
      Zot:5 |   27297 |   54436 |  66.6 |      25 |      22 |  46.8
    Ossuary |       0 |     553 | 100.0 |       0 |      31 | 100.0
      IceCv |    1155 |   17003 |  93.6 |       2 |      38 |  95.0
            +---------+---------+-------+---------+---------+-------

Skill      XL: |  1  2  3  4  5  6  7  8  9 10 11 12 13 14 15 16 17 18 19 20 21 22 23 24 |
---------------+-------------------------------------------------------------------------+-----
Stealth        | 1 2 3 4 |  4.0
Spellcasting   | 2 3 4 6 8 9 11 12 15 17 20 22 27 | 27.0
Earth Magic    | 4 5 6 7 8 10 11 | 11.2
Necromancy     | 1 5 7 9 10 12 19 21 25 | 25.2
Conjurations   | 3 4 |  4.0
Air Magic      | 3 4 |  4.0
Dodging        | 7 10 12 14 16 18 20 | 20.0
Fighting       | 5 8 10 12 14 15 16 18 | 18.0
Shields        | 5 6 |  6.0
Evocations     | 7 8 |  8.0
Poison Magic   | 6 |  6.7
Hexes          | 6 17 | 17.0
Armour         | 4 6 |  6.0
Summonings     | 10 12 | 12.3
Translocations | 5 8 |  8.0

Action                     |  1- 3 |  4- 6 |  7- 9 | 10-12 | 13-15 | 16-18 | 19-21 | 22-24 || total
---------------------------+-------+-------+-------+-------+-------+-------+-------+-------++-------
  Melee: Dagger            |     1 |       |       |       |       |       |       |       ||     1
         Staff             |       |       |       |     5 |       |       |       |       ||     5
         Short sword       |       |       |       |    14 |   114 |    21 |    48 |   115 ||   312
   Cast: Sandblast         |    61 |    77 |   148 |    55 |    26 |       |       |       ||   367
         Lee's Rapid Decon |       |       |     4 |    44 |    71 |    76 |    28 |     1 ||   224
         Borgnjor's Vile C |       |       |     4 |   131 |   276 |   213 |   213 |   222 ||  1059
         Animate Dead      |       |       |     2 |    14 |    17 |    13 |     5 |     6 ||    57
         Mephitic Cloud    |       |       |       |     4 |       |       |     2 |       ||     6
         Anguish           |       |       |       |     1 |     7 |     1 |       |       ||     9
         Stone Arrow       |       |       |       |       |   188 |   133 |   247 |   175 ||   743
         Olgreb's Toxic Ra |       |       |       |       |    30 |     9 |    11 |     2 ||    52
         Infestation       |       |       |       |       |       |    54 |    65 |    64 ||   183
         Haunt             |       |       |       |       |       |     3 |   132 |   251 ||   386
         Borgnjor's Revivi |       |       |       |       |       |     1 |       |     1 ||     2
         Enfeeble          |       |       |       |       |       |       |       |    26 ||    26
         Discord           |       |       |       |       |       |       |       |    17 ||    17
         Dispersal         |       |       |       |       |       |       |       |    14 ||    14
         Summon Forest     |       |       |       |       |       |       |       |     1 ||     1
 Invoke: Unearth Wretches  |       |       |     2 |     4 |    14 |    29 |    14 |    30 ||    93
         Receive Forbidden |       |       |       |       |     1 |       |       |       ||     1
  Evoke: Wand              |       |       |       |    19 |     3 |     2 |     4 |     1 ||    29
         Lightning rod     |       |       |       |       |     4 |     6 |    13 |     9 ||    32
         Phantom mirror    |       |       |       |       |       |       |       |     2 ||     2
         Phial of floods   |       |       |       |       |       |       |       |     1 ||     1
    Use: Scroll            |       |       |     7 |    14 |    13 |    11 |     7 |    19 ||    71
         Potion            |       |       |     2 |     3 |     8 |    10 |     2 |    21 ||    46
   Stab: Confused          |       |       |       |     1 |       |       |     1 |       ||     2
         Paralysed         |       |       |       |     1 |       |     1 |       |       ||     2
         Distracted        |       |       |       |       |     3 |     2 |     5 |     5 ||    15
         Invisible         |       |       |       |       |       |       |       |     1 ||     1
         Sleeping          |       |       |       |       |       |       |       |     1 ||     1
 Armour: Robe              |     1 |     4 |     9 |       |       |       |       |   109 ||   123
         Steam dragon scal |       |       |     5 |    43 |   130 |       |       |       ||   178
         Ring mail         |       |       |       |       |       |   101 |    89 |       ||   190
  Dodge: Dodged            |    12 |    12 |    44 |   128 |   382 |   228 |   221 |   562 ||  1589
         Repelled          |     1 |     1 |     2 |       |       |       |       |       ||     4
  Block: Buckler           |     9 |    11 |    21 |    40 |   135 |    98 |   120 |   222 ||   656
         Reflection        |       |       |       |       |       |       |     7 |    22 ||    29

Illustrated notes

Table legend:
 A = Kills in this place as a percentage of kills in the entire game.
 B = Kills by you in this place as a percentage of kills by you in the entire game.
 C = Kills by friends in this place as a percentage of kills by friends in the entire game.
 D = Other kills in this place as a percentage of other kills in the entire game.
 E = Experience gained in this place as a percentage of experience gained in the entire game.
 F = Experience gained in this place divided by the number of levels of this place that you have seen.
                   A       B       C       D       E      F
               +-------+-------+-------+-------+-------+----------------------
         Total | 100.0 | 100.0 | 100.0 | 100.0 | 100.0 | 21184.2
       Dungeon |  16.1 |  27.6 |   4.0 |  11.1 |   4.9 | 3652.5
          Lair |  14.9 |  19.1 |   9.9 |  44.4 |   7.5 | 16850.0
        Shoals |   8.5 |   3.6 |  13.7 |  11.1 |   8.2 | 23109.2
     Snake Pit |  12.0 |  12.1 |  12.0 |   5.6 |  10.9 | 30580.0
    Slime Pits |   4.2 |   0.5 |   8.3 |   0.0 |   6.6 | 14870.2
  Orcish Mines |   4.1 |   6.4 |   1.7 |   0.0 |   1.2 | 6957.5
   Elven Halls |   6.8 |   6.4 |   7.4 |   0.0 |   8.6 | 32161.0
        Vaults |  14.9 |  10.9 |  19.3 |   5.6 |  20.2 | 56770.0
        Depths |   8.5 |   6.0 |  11.3 |   5.6 |  13.7 | 38367.2
           Zot |   6.4 |   3.8 |   9.0 |  16.7 |  16.5 | 36991.4
       Ossuary |   1.5 |   3.0 |   0.0 |   0.0 |   0.0 | 553.0
      Ice Cave |   2.0 |   0.7 |   3.4 |   0.0 |   1.6 | 18158.0
               +-------+-------+-------+-------+-------+----------------------

Table legend: (Time is in decaauts)
 A = Elapsed time spent in this place.
 B = Non-inter-level travel time spent in this place.
 C = Inter-level travel time spent in this place.
 D = Time resting spent in this place.
 E = Time spent auto-exploring this place.
 F = Levels seen in this place.
 G = Mean time per level.
                   A        B        C        D        E       F      G
               +--------+--------+--------+--------+--------+-----+--------+
         Total |  72809 |  64103 |   8706 |  15369 |  34409 |  53 | 1373.8 |
       Dungeon |  16689 |  13508 |   3181 |   1777 |   9437 |  15 | 1112.6 |
          Lair |  11792 |   9726 |   2066 |   2792 |   4970 |   5 | 2358.4 |
        Shoals |   6948 |   6220 |    728 |   1871 |   2782 |   4 | 1737.0 |
     Snake Pit |   6496 |   5899 |    597 |    974 |   3583 |   4 | 1624.0 |
    Slime Pits |   2485 |   2390 |     95 |   1145 |    323 |   5 |  497.0 |
  Orcish Mines |   1924 |   1526 |    398 |    417 |    731 |   2 |  962.0 |
   Elven Halls |   4651 |   4376 |    275 |    471 |   2944 |   3 | 1550.3 |
        Vaults |   9357 |   8537 |    820 |   2394 |   4410 |   4 | 2339.2 |
        Depths |   6300 |   5787 |    513 |   1176 |   3460 |   4 | 1575.0 |
           Zot |   5123 |   5094 |     29 |   2172 |   1413 |   5 | 1024.6 |
       Ossuary |    383 |    383 |      0 |     41 |    244 |   1 |  383.0 |
      Ice Cave |    657 |    657 |      0 |    138 |    110 |   1 |  657.0 |
               +--------+--------+--------+--------+--------+-----+--------+

Top non-repeatable levels by time:
  Lair:2: 3794 daAuts
Vaults:2: 3006 daAuts
Shoals:3: 2977 daAuts
Vaults:1: 2546 daAuts
  Lair:5: 2395 daAuts
   Zot:2: 2382 daAuts
Depths:4: 2201 daAuts
   Elf:3: 2199 daAuts
  Lair:1: 2153 daAuts
    D:13: 2138 daAuts
Vaults:4: 2066 daAuts
  Lair:4: 1968 daAuts
 Snake:3: 1818 daAuts
 Snake:2: 1774 daAuts
Vaults:3: 1738 daAuts
